 Dungeon Crawl Stone Soup version 0.29-a0-414-g5075937ec3 (webtiles) character file.

Game seed: 2007656122589345023

1464603 holysushi the Umbral (level 27, -10/199 HPs)
             Began as a Kobold Artificer on May 15, 2022.
             Was an Elder of Dithmenos.
             Mangled by Gaczadom the pandemonium lord (23 damage)
             ... while paralysed by a floating eye
             ... on level 27 of a ziggurat.
             The game lasted 08:32:28 (198262 turns).

holysushi the Umbral (Kobold Artificer)           Turns: 198262, Time: 08:32:28

Health: -10/199    AC: 16    Str: 10    XL:     27
Magic:  0/48       EV:  3    Int: 12    God:    Dithmenos [****..]
Gold:   20106      SH:  0    Dex: 47    Spells: 51/80 levels left

rFire   + + .      SeeInvis +   B - +7 quick blade of the Holding Moth {flame, rElec rPois rN+++ Str-5}
rCold   + + .      Faith    .   D - +2 buckler of Undesirable Species {-Cast rF+ rN+++ Will+}
rNeg    + + +      Spirit   +   T - +1 leather armour of Truth {rN+ Dex+7}
rPois   +          Reflect  .   y - +0 mask of the Dragon {Will+ Slay+3 SInv}
rElec   +          Harm     .   R - scarf {shadows}
rCorr   +          Rampage  .   v - +2 pair of gloves {Stlth+}
Will    +++++      NoCast   +   V - +0 pair of boots of Eptaull {-Cast rElec rC++ Str+4} Stlth #*********
                                d - brooch of Shielding {Spirit SH+8}
HPRegen 1.23/turn               U - ring of Wishful Thinking {Drain rCorr EV+4 Dex+6}
MPRegen 0.31/turn               S - ring "Miegiw" {rF+ Will+ Dex+6}

@: paralysed, mighty, hasted, wreathed by umbra, studying 7 skills, silenced
A: small, no large weapons, nightstalker 3, iridescent scales 1, low MP 1,
regeneration 1, screaming 1
}: 15/15 runes: serpentine, barnacled, slimy, silver, golden, iron, obsidian,
icy, bone, abyssal, demonic, glowing, magical, fiery, dark
a: Renounce Religion


You were on level 27 of a ziggurat.
You worshipped Dithmenos.
Dithmenos was greatly pleased with you.
You visited 18 branches of the dungeon, and saw 89 of its levels.
You visited Pandemonium 9 times, and saw 36 of its levels.
You visited the Abyss 7 times.
You visited 1 ziggurat, and saw 27 of its levels.
You also visited: Trove and Ice Cave.

You collected 26148 gold pieces.
You spent 6042 gold pieces at shops.

Inventory:

Hand Weapons
 w - the +9 staff of Olgreb {rPois∞}
   (You found it on level 25 of a ziggurat)

   If the wielder is skilled in Evocations, they can envenom those struck by it,
   dealing poison damage which bypasses armour.
   It enhances your poison magic.
   It grants immunity to poison.
   It can be activated via the 'a'bility menu to radiate toxic energy, with
   effectiveness depending on Evocations skill.
 B - the +7 quick blade of the Holding Moth (weapon) {flame, rElec rPois rN+++ Str-5}
   (You acquired it on level 3 of the Lair of Beasts)

   It burns those it strikes, dealing additional fire damage.
   Str:       It affects your strength (-5).
   rElec:     It insulates you from electricity.
   rPois:     It protects you from poison.
   rN:        It renders you almost immune to negative energy.
Armour
 l - the +3 hat of Pondering {ponderous, Will+ MP+10 Int+5}
   (You found it on level 23 of a ziggurat)

   Int:       It affects your intelligence (+5).
   MP:        It affects your magic capacity (+10).
   Will:      It increases your willpower.
 v - a +2 pair of gloves of stealth (worn)
 y - the +0 mask of the Dragon (worn) {Will+ Slay+3 SInv}
   (You found it on level 22 of a ziggurat)

   Slay:      It affects your accuracy & damage with ranged weapons and melee
   (+3).
   SInv:      It lets you see invisible.
   Will:      It increases your willpower.
 D - the +2 buckler of Undesirable Species (worn) {-Cast rF+ rN+++ Will+}
   (You bought it in a shop on level 3 of the Shoals)

   rF:        It protects you from fire.
   rN:        It renders you almost immune to negative energy.
   -Cast:     It prevents spellcasting.
   Will:      It increases your willpower.
 R - a scarf of shadows (worn)
 T - the +1 leather armour of Truth (worn) {rN+ Dex+7}
   (You bought it in a shop on level 4 of the Shoals)

   Dex:       It affects your dexterity (+7).
   rN:        It protects you from negative energy.
 V - the +0 pair of boots of Eptaull (worn) {-Cast rElec rC++ Str+4}
   (You found it on level 2 of the Vaults)

   Str:       It affects your strength (+4).
   rC:        It greatly protects you from cold.
   rElec:     It insulates you from electricity.
   -Cast:     It prevents spellcasting.
Jewellery
 d - the brooch of Shielding (around neck) {Spirit SH+8}
   (You found it on level 20 of a ziggurat)

   [amulet of guardian spirit]

   It causes incoming damage to be divided between your reserves of health and
   magic.
   SH:        It affects your SH (+8).
 g - the ring of Zigroic {rElec rF++ rC+ Int+4}
   (You found it on level 5 of a ziggurat)

   [ring of protection from cold]

   Int:       It affects your intelligence (+4).
   rF:        It greatly protects you from fire.
   rC:        It protects you from cold.
   rElec:     It insulates you from electricity.
 s - the ring of Woxkavae {rN+ Int+7 Dex+2}
   (You found it on level 18 of a ziggurat)

   [ring of positive energy]

   Int:       It affects your intelligence (+7).
   Dex:       It affects your dexterity (+2).
   rN:        It protects you from negative energy.
 E - the amulet "Naisoll" {Faith Rampage Drain Dex+3 SInv}
   (You bought it in a shop on level 1 of the Depths)

   [amulet of faith]

   It allows you to gain divine favour quickly.
   Dex:       It affects your dexterity (+3).
   SInv:      It lets you see invisible.
   Drain:     It drains your maximum health when unequipped.
   Rampage:   It bestows one free step when moving towards enemies.
 G - the ring of Gallu {rF+ Str+6 Slay+2 Stlth+}
   (You took it off a hell knight on level 1 of the Depths)

   [ring of protection from fire]

   Str:       It affects your strength (+6).
   Slay:      It affects your accuracy & damage with ranged weapons and melee
   (+2).
   rF:        It protects you from fire.
   Stlth:     It makes you more stealthy.
 P - the ring "Depluint" {Will+ rCorr Dex+3 SInv}
   (You found it in Pandemonium)

   [ring of resist corrosion]

   Dex:       It affects your dexterity (+3).
   SInv:      It lets you see invisible.
   rCorr:     It protects you from acid and corrosion.
   Will:      It increases your willpower.
 S - the ring "Miegiw" (right hand) {rF+ Will+ Dex+6}
   (You took it off a seraph in Pandemonium)

   [ring of dexterity]

   Dex:       It affects your dexterity (+6).
   rF:        It protects you from fire.
   Will:      It increases your willpower.
 U - the ring of Wishful Thinking (left hand) {Drain rCorr EV+4 Dex+6}
   (You found it on level 14 of the Dungeon)

   [ring of evasion]

   EV:        It affects your evasion (+4).
   Dex:       It affects your dexterity (+6).
   rCorr:     It protects you from acid and corrosion.
   Drain:     It drains your maximum health when unequipped.
 Y - the ring of Cagabif {Fly rC+ Str+3 Int+6 SInv}
   (You found it on level 19 of a ziggurat)

   [ring of intelligence]

   Str:       It affects your strength (+3).
   Int:       It affects your intelligence (+6).
   rC:        It protects you from cold.
   SInv:      It lets you see invisible.
   Fly:       It grants you flight.
Wands
 e - a wand of iceblast (53)
 j - a wand of digging (11)
 I - a wand of paralysis (28)
Scrolls
 b - 18 scrolls of silence
 f - 2 scrolls of summoning
 n - 29 scrolls of teleportation
 q - 22 scrolls of immolation
 t - 35 scrolls of fog
 J - 11 scrolls of vulnerability
 M - 19 scrolls of enchant armour
 Q - 8 scrolls of blinking
 W - 16 scrolls of fear
Potions
 a - 13 potions of mutation
 c - 12 potions of might
 h - 12 potions of brilliance
 i - 9 potions of haste
 o - 39 potions of curing
 p - 5 potions of resistance
 u - 10 potions of cancellation
 x - 7 potions of berserk rage
 z - 19 potions of attraction
 A - 10 potions of ambrosia
 C - 11 potions of lignification
 H - 15 potions of heal wounds
 K - 4 potions of invisibility
 X - 10 potions of flight
 Z - 15 potions of magic
Miscellaneous
 k - a phial of floods
 m - a phantom mirror
 r - the horn of Geryon (inert)
 F - a condenser vane (inert)
 L - a box of beasts (inert)
 N - a figurine of a ziggurat
 O - a tin of tremorstones (inert)


   Skills:
 O Level 27 Fighting
 O Level 27 Short Blades
 O Level 27 Armour
 O Level 27 Dodging
 O Level 27 Stealth
 O Level 27 Shields
 O Level 27 Spellcasting
 + Level 10.8 Conjurations
 + Level 10.8 Summonings
 O Level 27 Earth Magic
 O Level 27 Invocations
 O Level 27 Evocations


You had 51 spell levels left.
You knew the following spells:

 Your Spells              Type           Power      Damage    Failure   Level
a - Blink                 Tloc           32%        N/A       3%          2
b - Shatter               Erth           34%        3d28*     3%          9
c - Iron Shot             Conj/Erth      28%        9d6       1%          6
d - Borgnjor's Vile Clut  Necr/Erth      24%        N/A       1%          5
e - Spellforged Servitor  Conj/Summ      21%        N/A       22%         7

Your spell library contained the following spells:

 Spells                   Type           Power      Damage    Failure   Level
 Sandblast                Erth           100%       2d20      0%          1
 Passwall                 Tmut/Erth      40%        N/A       0%          2
 Stone Arrow              Conj/Erth      100%       3d13      0%          3
 Animate Armour           Summ/Erth      100%       N/A       0%          4
 Magic Dart               Conj           100%       1d8       1%          1
 Shock                    Conj/Air       100%       1d9       1%          1
 Summon Small Mammal      Summ           100%       N/A       1%          1
 Call Imp                 Summ           42%        N/A       1%          2
 Static Discharge         Conj/Air       29%        N/A       1%          2
 Call Canine Familiar     Summ           42%        N/A       1%          3
 Conjure Flame            Conj/Fire      29%        6-21      1%          3
 Dazzling Flash           Conj/Hex       58%        N/A       1%          3
 Mephitic Cloud           Conj/Pois/Air  24%        N/A       1%          3
 Summon Guardian Golem    Hex/Summ       29%        N/A       1%          3
 Leda's Liquefaction      Hex/Erth       24%        N/A       1%          4
 Petrify                  Tmut/Erth      48%        N/A       1%          4
 Iskenderun's Battlesphe  Conj           42%        2d9       1%          5
 Statue Form              Tmut/Erth      32%        N/A       1%          6
 Animate Skeleton         Necr           32%        N/A       2%          1
 Apportation              Tloc           32%        N/A       2%          1
 Beastly Appendage        Tmut           32%        N/A       2%          1
 Freeze                   Ice            64%        1d8       2%          1
 Pain                     Necr           64%        1d7       2%          1
 Slow                     Hex            64%        N/A       2%          1
 Sting                    Tmut/Pois      64%        1d6       2%          1
 Flame Wave               Conj/Fire      29%        2d8       2%          4
 Hailstorm                Conj/Ice       29%        3d8       2%          4
 Iskenderun's Mystic Bla  Conj/Tloc      29%        2d7       2%          4
 Sticky Flame             Conj/Fire      29%        2d5       2%          4
 Summon Ice Beast         Ice/Summ       29%        N/A       2%          4
 Summon Lightning Spire   Summ/Air       29%        N/A       2%          4
 Corpse Rot               Necr/Air       32%        N/A       3%          2
 Ensorcelled Hibernation  Hex/Ice        32%        N/A       3%          2
 Poisonous Vapours        Pois/Air       32%        N/A       3%          2
 Scorch                   Fire           32%        2d7       3%          2
 Sublimation of Blood     Necr           16%        N/A       3%          2
 Wereblood                Tmut           16%        N/A       3%          2
 Summon Cactus Giant      Summ           21%        N/A       4%          6
 Lehudib's Crystal Spear  Conj/Erth      28%        10d8      6%          8
 Confusing Touch          Hex            16%        N/A       7%          3
 Frozen Ramparts          Ice            32%        1d5       7%          3
 Gell's Gravitas          Tloc           16%        N/A       7%          3
 Ignite Poison            Fire/Tmut/Pois 16%        N/A       7%          3
 Inner Flame              Hex/Fire       16%        N/A       7%          3
 Lesser Beckoning         Tloc           16%        N/A       7%          3
 Ozocubu's Armour         Ice            16%        N/A       7%          3
 Portal Projectile        Hex/Tloc       32%        N/A       7%          3
 Spider Form              Tmut/Pois      16%        N/A       7%          3
 Swiftness                Air            16%        N/A       7%          3
 Teleport Other           Tloc           16%        N/A       7%          3
 Tukima's Dance           Hex            16%        N/A       7%          3
 Vampiric Draining        Necr           16%        2d7       7%          3
 Fireball                 Conj/Fire      14%        3d8       7%          5
 Irradiate                Conj/Tmut      14%        3d18      7%          5
 Lightning Bolt           Conj/Air       14%        1d28      7%          5
 Summon Forest            Summ/Tloc      14%        N/A       7%          5
 Summon Mana Viper        Hex/Summ       29%        N/A       7%          5
 Freezing Cloud           Conj/Ice/Air   12%        6-21      14%         5
 Airstrike                Air            8%         N/A       22%         4
 Anguish                  Hex/Necr       8%         N/A       22%         4
 Animate Dead             Necr           8%         N/A       22%         4
 Cause Fear               Hex            8%         N/A       22%         4
 Dispel Undead            Necr           16%        3d10      22%         4
 Ice Form                 Ice/Tmut       16%        N/A       22%         4
 Olgreb's Toxic Radiance  Pois           16%        N/A       22%         4
 Passage of Golubria      Tloc           16%        N/A       22%         4
 Monstrous Menagerie      Summ           21%        N/A       22%         7
 Orb of Destruction       Conj           21%        9d8       22%         7
 Summon Hydra             Summ           21%        N/A       22%         7
 Conjure Ball Lightning   Conj/Air       14%        3x3d6     36%         6
 Starburst                Conj/Fire      14%        6d6       36%         6
 Agony                    Necr           16%        N/A       54%         5
 Alistair's Intoxication  Tmut/Pois      10%        N/A       54%         5
 Blade Hands              Tmut           8%         N/A       54%         5
 Excruciating Wounds      Necr           8%         N/A       54%         5
 Manifold Assault         Tloc           16%        N/A       54%         5
 Metabolic Englaciation   Hex/Ice        8%         N/A       54%         5
 Silence                  Hex/Air        8%         N/A       54%         5
 Yara's Violent Unravell  Hex/Tmut       8%         3d5       54%         5
 Summon Horrible Things   Summ           21%        N/A       87%         8
 Haunt                    Necr/Summ      14%        N/A       91%         7
 Malign Gateway           Summ/Tloc      14%        N/A       91%         7
 Death Channel            Necr           8%         N/A       98%         6
 Dispersal                Tloc           8%         N/A       98%         6
 Eringya's Noxious Bog    Tmut/Pois      8%         N/A       98%         6
 Simulacrum               Ice/Necr       8%         N/A       98%         6
 Dragon Form              Tmut           8%         N/A       100%        7
 Enfeeble                 Hex            8%         N/A       100%        7
 Ozocubu's Refrigeration  Ice            8%         4d6       100%        7
 Storm Form               Tmut/Air       8%         N/A       100%        7
 Borgnjor's Revivificati  Necr           8%         N/A       100%        8
 Discord                  Hex            8%         N/A       100%        8
 Disjunction              Tloc           8%         N/A       100%        8
 Ignition                 Fire           8%         3d5       100%        8
 Infestation              Necr           8%         N/A       100%        8
 Maxwell's Capacitive Co  Air            8%         ∞         100%        8
 Necromutation            Tmut/Necr      8%         N/A       100%        8
 Chain Lightning          Conj/Air       14%        3d19      100%        9
 Death's Door             Necr           8%         N/A       100%        9
 Fire Storm               Conj/Fire      14%        8d4       100%        9


Dungeon Overview and Level Annotations

Branches:
Dungeon (15/15)            Temple (1/1) D:4            Lair (6/6) D:9
 Shoals (4/4) Lair:3        Snake (4/4) Lair:3        Slime (5/5) Lair:5
    Orc (2/2) D:10            Elf (3/3) Orc:2        Vaults (5/5) D:14
  Crypt (3/3) Vaults:2       Tomb (3/3) Crypt:3      Depths (4/4) D:15
   Hell (visited)             Dis (7/7) Hell            Geh (7/7) Hell
    Coc (7/7) Hell            Tar (7/7) Hell            Zot (5/5) Depths:4
  IceCv (visited)

Altars:
Ashenzari
Cheibriados
Dithmenos
Elyvilon
Fedhas
Gozag
Hepliaklqana
Kikubaaqudgha
Makhleb
Nemelex Xobeh
Okawaru
Qazlal
Ru
Sif Muna
Trog
Uskayaw
Vehumet
Wu Jian
Xom
Yredelemnul
Zin
The Shining One
Beogh
Jiyva
Lugonu

Shops:
D:6 (   D:8 ?   D:9 *   D:10 *(   Orc:2 !*(:*   Elf:1 =   Elf:2 =
Elf:3 *?([!!*   Shoals:3 [*!:*   Vaults:1 *   Vaults:4 :   Depths:1 =:=

Portals:
Hell: Depths:1 Depths:2 Depths:3 Depths:4
Abyss: D:3 Depths:1 Depths:3
Pandemonium: Depths:2

Annotations:
Depths:1 exclusion: 2 downstairs
Depths:2 exclusion: downstairs
Depths:4 3 runed translucent doors


Innate Abilities, Weirdness & Mutations

You are small and have problems with some larger weapons.
You are completely attuned to the shadows.
You are partially covered in iridescent scales. (AC +2)
Your magical capacity is low. (-10% MP)
Your natural rate of healing is unusually fast.
You occasionally shout uncontrollably at your foes.


Message History

Fuymeucs gestures.
Unknown command.
The floating eye gazes piercingly through you!
You suddenly lose the ability to move!
The Ice Fiend claws you but does no damage. x2
Yjoracva hits you.
* * * LOW HITPOINT WARNING * * *
Fuymeucs gestures.
Fuymeucs's surroundings become eerily quiet.
The floating eye's stare focuses on you.
Yjoracva hits you.
* * * LOW HITPOINT WARNING * * *
Quunulee gestures.
The Ice Fiend claws you!
* * * LOW HITPOINT WARNING * * *
The Ice Fiend freezes you! You resist.
* * * LOW HITPOINT WARNING * * *
The Ice Fiend claws you!
* * * LOW HITPOINT WARNING * * *
The Ice Fiend freezes you. You resist.
* * * LOW HITPOINT WARNING * * *
Yjoracva hits you!
* * * LOW HITPOINT WARNING * * *
The Ice Fiend barely misses you. x2
The floating eye seems to glare at you.
The death yak changes into an emperor scorpion!
Fuymeucs gestures.
Fuymeucs's surroundings become eerily quiet.
Yjoracva calls on the powers of darkness!
The floating eye convulses!
The Killer Klown convulses!
The floating eye convulses!
The emperor scorpion convulses!
The floating eye convulses!
Your body is wracked with pain!
* * * LOW HITPOINT WARNING * * *
The floating eye is engulfed in freezing vapours.
You kill the floating eye!
The floating eye disappears in a puff of smoke!
The Killer Klown blinks!
The floating eye's stare focuses on you.
Gaczadom hits you!!
You die...

.....##.....#
##.....
.......
......2 .°..▓
....▓ ..&.▓
...&..&@▓
....†.2&1▓
.....§GG§&▓
.....§.§s&▓
.....H§..†▓
...°°)....▓
▓▓▓▓▓▓▓▓▓▓▓


You could see Fuymeucs (silencing, unsilenced), Gaczadom, Jallianext
(unsilenced), Quunulee (fast, silencing, unsilenced), Yjoracva (unsilenced), an
emperor scorpion shaped shifter, an Ice Fiend (summoned, unsilenced), a
tormentor (summoned, unsilenced) and 2 floating eyes.

Vanquished Creatures
  Cerebov (Pan)
  Antaeus (Coc:7)
  Asmodeus (Geh:7)
  the Royal Jelly (Slime:5)
  Ereshkigal (Tar:7)
  Gloorx Vloq (Pan)
  the Serpent of Hell (Dis:7)
  Lom Lobon (Pan)
  A seraph (Pan)
  The ghost of Teaz Xo Upt the Hoplite, a legendary GnFE of Ashenzari (Zig:21)
  6 dread liches
  Mnoleg (Pan)
  Khufu (Tomb:3)
  The ghost of BerryKnight the Divine Blade, a legendary DgFi (Zig:21)
  Dispater (Dis:7)
  14 ancient liches
  4 orbs of fire (Zot:5)
  The ghost of Dittersdorf the Conqueror, a legendary MiBe of Trog (Zig:21)
  The ghost of Xorhowon the Invulnerable, a legendary MiBe of Trog (Zig:21)
  The ghost of grandjackal the Rhythm of Life and Death, a legendary DsGl of Uskayaw (Zig:21)
  Mennas (Tomb:3)
  The ghost of runemage the Impregnable, a legendary GnFi of Gozag (Zig:21)
  9 juggernauts
  41 royal mummies
  Sojobo (Crypt:2)
  Vv (Zot:2)
  30 pandemonium lords
  The ghost of Waohesse the Slayer, a legendary VSFi of the Shining One (Zig:21)
  5 curse toes
  13 shard shrikes
  Vashnia (Snake:2)
  Saint Roka (Elf:3)
  42 caustic shrikes
  3 Killer Klowns
  Bai Suzhen (Crypt:1)
  10 golden dragons
  Geryon (Hell)
  Jory (Vaults:3)
  Nikola (Elf:1)
  25 bone dragons
  12 pearl dragons
  11 profane servitors
  7 iron giants
  An electric golem (Zig:8)
  32 Tzitzimimeh
  12 doom hounds
  Mlioglotl (Snake:2)
  26 hellephants
  Zenata (Elf:2)
  23 Brimstone Fiends
  25 Ice Fiends
  15 Hell Sentinels
  Jorgrun (D:13)
  10 liches
  19 Orb Guardians (Zot:5)
  A walking earthen tome (Depths:2)
  13 tainted leviathans
  10 tentacled monstrosities
  3 shard shrike skeletons
  28 titans
  3 quicksilver dragons
  Asterion (Elf:2)
  34 searing wretches
  5 deep elf blademasters
  5 deep elf master archers
  A walking divine tome (Depths:1)
  A kraken (Shoals:3)
  22 acid blobs
  Frances (Snake:2)
  65 Executioners
  Polyphemus (Shoals:2)
  22 ancient champions
  19 sphinxes
  12 shadow dragons
  7 tentacled starspawn
  Agnes (D:15)
  7 death cobs
  9 tengu reavers
  Donald (Snake:4)
  4 draconian monks (Zig:22)
  A fenstrider witch (Zig:13)
  18 frost giants
  19 revenants
  18 demonspawn warmongers
  9 draconian knights
  31 daevas
  26 fire giants
  4 quicksilver elementals
  An iron dragon (shapeshifter) (Depths:3)
  11 nagarajas
  9 rockslimes
  9 azure jellies
  Louise (Snake:3)
  6 draconian scorchers
  9 storm dragons
  25 vault wardens
  12 narguns
  5 spectral juggernauts
  8 spectral caustic shrikes
  2 emperor scorpions (Zig:14)
  Aizul (Snake:3)
  9 deep elf sorcerers
  56 balrugs
  6 orc warlords
  14 iron dragons
  10 draconian shifters
  30 cacodemons
  6 shard shrike simulacra
  28 angels
  9 ghost moths
  2 caustic shrike zombies
  7 draconian stormcallers
  2 juggernaut zombies
  3 spriggan defenders
  13 demonspawn blood saints
  A caustic shrike skeleton (Abyss:3)
  2 deep elf elementalists (Elf:3)
  4 ghouls
  20 ophanim
  53 reapers
  5 draconian annihilators
  11 curse skulls
  9 quicksilver oozes
  17 ironbound preservers
  38 very ugly things
  37 war gargoyles
  11 ironbound thunderhulks
  20 demonspawn corrupters (Pan)
  A juggernaut skeleton (Tar:7)
  12 vampire knights
  12 bennus
  37 apis
  2 eleionomae (Zig:13)
  35 stone giants
  8 deep elf demonologists
  33 lorocyprocas
  7 green draconians
  16 putrid mouths
  12 deep elf annihilators
  15 wendigos
  18 elemental wellsprings
  11 black draconians
  4 entropy weavers
  Azrael (D:12)
  A spectral hellephant (Crypt:3)
  25 demonspawn black suns
  10 white draconians
  A bunyip (Zig:13)
  4 spark wasps
  5 spectral titans
  7 purple draconians
  6 red draconians
  15 dire elephants
  7 yellow draconians
  41 blizzard demons
  3 spectral quicksilver dragons
  30 eidola
  2 crystal guardians (Vaults:3)
  21 deep elf death magi
  3 spectral golden dragons
  18 mummy priests
  15 iron golems
  9 jiangshi
  12 merfolk javelineers
  9 fire dragons
  15 ettins
  8 deep elf high priests
  55 green deaths
  16 merfolk impalers
  21 yaktaur captains
  Josephine (D:12)
  8 great orbs of eyes
  3 shambling mangroves
  2 spectral shadow dragons (Depths:2)
  33 vault guards
  2 spectral tengu (Depths:2)
  3 caustic shrike simulacra
  5 peacekeepers
  3 alligator snapping turtles
  15 rakshasas
  3 boulder beetles
  A fenstrider witch zombie (Tomb:1)
  5 juggernaut simulacra
  A death knight (D:12)
  18 salamander tyrants
  9 ice dragons
  A merfolk avatar (Shoals:2)
  2 spriggan zombies
  13 hell beasts
  3 spriggan air magi
  Erolcha (D:11)
  39 centaur warriors
  4 ogre magi
  14 hydras
  10 ironbound frosthearts
  17 anacondas
  21 naga warriors
  4 satyrs
  3 ghost crabs (Zig:21)
  2 spriggan skeletons
  11 merfolk aquamancers
  A jorogumo (shapeshifter) (Zig:24)
  An alligator (shapeshifter) (Zig:24)
  52 dancing weapons
  5 stokers
  2 two-headed ogres (shapeshifter)
  5 catoblepae
  44 death scarabs
  5 tengu warriors
  4 two-headed ogres (Vaults:3)
  4 death yaks (Shoals:2)
  2 spectral fire giants (Depths:2)
  16 vampire magi
  7 deep troll shamans
  18 naga sharpshooters
  9 shock serpents
  7 deep troll earth magi
  2 titan zombies
  29 hell hogs
  2 spectral dire elephants
  Nergalle (Lair:1)
  Urug (Lair:6)
  15 thrashing horrors
  A spectral storm dragon (Depths:2)
  8 orc high priests
  141 sun demons
  A spectral elf (Crypt:3)
  20 deep elf knights
  9 spriggan berserkers
  11 crystal echidnas
  101 soul eaters
  6 salamander mystics
  3 wretched stars
  37 shadow wraiths
  A bunyip zombie (Crypt:2)
  17 hell knights
  21 cherubim
  62 sixfirhies
  22 skeletal warriors
  A spatial maelstrom (Abyss:4)
  21 sea snakes
  A spectral spark wasp (Depths:2)
  2 steelbarb worms (Zig:14)
  7 quicksilver dragon simulacra
  32 shadow demons (Pan)
  A pharaoh ant (Zig:14)
  9 iron trolls
  2 spectral anacondas
  2 anaconda zombies
  A spectral hydra (Tar:3)
  A bunyip skeleton (Crypt:3)
  4 death drakes (Depths:2)
  7 bog bodies
  15 glowing orange brains
  A golden dragon skeleton (Pan)
  10 flayed ghosts
  44 deep trolls
  6 naga ritualists
  13 starcursed masses
  4 spriggan simulacra
  3 swamp dragons (Zig:13)
  10 deep elf archers
  2 spectral iron dragons (Tar:4)
  20 wizards
  An orb spider (shapeshifter) (Elf:2)
  A fenstrider witch simulacrum (Abyss:1)
  46 harpies
  14 necromancers
  3 orange crystal statues
  34 deep elf pyromancers
  An iron giant skeleton (Pan)
  16 deep elf zephyrmancers
  25 phantasmal warriors
  A lindwurm (shapeshifter) (Vaults:5)
  11 mana vipers
  3 spectral ettins (Tar:1)
  20 ironbound convokers
  2 lindwurms (Snake:4)
  10 orc sorcerers
  An anaconda skeleton (Tomb:1)
  A tengu zombie (Tomb:3)
  4 orc knights
  21 manticores
  7 spectral spriggans
  A cyclops (shapeshifter) (Vaults:5)
  14 cyclopes
  A will-o-the-wisp (Zig:13)
  5 shining eyes
  10 salamanders
  A toenail golem (Pan)
  45 ugly things
  2 spectral centaurs (Tar:2)
  A frost giant zombie (Crypt:1)
  14 moths of wrath
  16 fauns
  7 merfolk sirens
  184 large abominations
  15 elephants
  48 black mambas
  22 water nymphs
  A draconian skeleton (Crypt:2)
  4 worldbinders
  5 apocalypse crabs
  16 vault sentinels
  17 rust devils
  7 naga magi
  An iron dragon skeleton (Crypt:2)
  5 titan simulacra
  15 cane toads
  A stone giant skeleton (Crypt:3)
  An eye of devastation (Slime:5)
  14 guardian serpents
  A guardian serpent (shapeshifter) (Elf:2)
  9 ice statues
  218 smoke demons
  A storm dragon simulacrum (Depths:2)
  4 gargoyles
  32 orange demons (Pan)
  2 centaur skeletons
  4 naga skeletons
  2 unseen horrors (Pan)
  3 dire elephant skeletons
  6 freezing wraiths
  A sea snake zombie (Crypt:2)
  5 rime drakes
  2 spectral nagas
  An alligator snapping turtle skeleton (Pan)
  3 entropy weaver simulacra (IceCv)
  58 hellions
  4 anaconda simulacra
  A kobold demonologist (D:8)
  4 spectral glowing shapeshifters (Depths:2)
  12 ice devils
  74 demonic crawlers
  11 efreet
  10 komodo dragons
  A rime drake (shapeshifter) (Zig:24)
  A green draconian skeleton (Crypt:2)
  2 bunyip simulacra
  A komodo dragon (shapeshifter) (Zig:7)
  8 red devils
  4 tengu conjurers
  47 yaktaurs
  A red draconian skeleton (Crypt:3)
  A yaktaur (shapeshifter) (Elf:2)
  57 tormentors
  2 golden dragon simulacra
  A death yak skeleton (Crypt:1)
  5 ancient zymes
  4 iron giant simulacra
  2 spectral harpies
  4 harpy zombies
  74 guardian mummies
  A meliai (D:12)
  71 hellwings
  A death drake zombie (Crypt:2)
  8 polar bears
  A queen bee (Lair:3)
  2 bloated husks (Zig:13)
  47 merfolk
  4 silent spectres
  2 sphinx simulacra (Depths:2)
  9 trolls
  A tengu simulacrum (Depths:2)
  3 shadow dragon simulacra
  12 hornets
  2 tarantellas (Zig:14)
  11 wind drakes
  2 tyrant leeches (Zig:13)
  A wind drake (shapeshifter) (Elf:2)
  9 blink frogs
  A slime creature (shapeshifter) (Depths:4)
  9 snapping turtles
  2 ettin zombies
  109 slime creatures
  A dream sheep (shapeshifter) (Zig:24)
  17 raiju
  A boulder beetle zombie (Crypt:1)
  3 iron dragon simulacra
  23 flying skulls
  4 harpy skeletons
  9 dream sheep
  A satyr skeleton (Crypt:2)
  A jumping spider (Zig:14)
  A snapping turtle (shapeshifter) (Vaults:5)
  A black mamba zombie (Crypt:2)
  A centaur simulacrum (Coc:2)
  17 spriggans
  5 culicivoras (Zig:14)
  A shadow (Abyss:4)
  5 dire elephant simulacra
  3 wyverns
  5 ettin skeletons
  A yak (shapeshifter) (Elf:2)
  3 fire bats (Pan)
  5 basilisks
  23 water elementals
  15 wraiths
  101 ynoxinuls
  3 fire elementals
  46 yaks
  4 air elementals
  A golden eye (shapeshifter) (Elf:3)
  2 wind drake skeletons
  12 ushabtiu
  4 spatial vortices (Abyss:4)
  73 neqoxecs
  16 golden eyes
  98 chaos spawn
  5 redbacks
  An alligator snapping turtle simulacrum (Coc:3)
  2 steam dragons
  11 harpy simulacra
  A swamp worm (shapeshifter) (Vaults:5)
  5 vampire mosquitoes
  6 wargs
  A deep troll zombie (Crypt:3)
  52 nagas
  4 acid dragons
  29 water moccasins
  A demonic crawler simulacrum (IceCv)
  13 hell hounds
  2 floating eyes (shapeshifter)
  4 hydra simulacra
  A two-headed ogre skeleton (Pan)
  3 floating eyes
  A swamp drake (D:10)
  A deep troll skeleton (Crypt:2)
  A merfolk skeleton (Crypt:1)
  2 ice beasts (D:7)
  A black mamba simulacrum (Coc:1)
  59 orc warriors
  An ice dragon simulacrum (Coc:1)
  5 black bears
  A sky beast (D:7)
  An ettin simulacrum (Coc:1)
  12 ogres
  3 ugly thing simulacra (IceCv)
  11 boggarts
  32 wolves
  19 centaurs
  A dream sheep skeleton (Crypt:3)
  A kobold brigand (D:9)
  19 small abominations
  6 earth elementals
  2 elf zombies
  4 necrophages
  8 bullfrogs
  A rime drake skeleton (Crypt:3)
  3 glowing shapeshifter simulacra
  2 gnoll sergeants
  2 scorpions
  A shapeshifter zombie (Crypt:2)
  31 killer bees
  2 swamp dragon simulacra
  An electric eel (Lair:6)
  A howler monkey (D:5)
  A quasit (Abyss:2)
  4 hounds
  13 orc priests
  6 jellies
  5 iguanas
  3 iron imps
  19 orc wizards
  13 hell rats
  60 mummies
  Robin (D:3)
  A gnoll (shapeshifter) (Vaults:5)
  7 adders
  11 gnolls
  A shadow imp (Abyss:1)
  4 white imps
  4 ufetubi
  2 worms
  4 dart slugs
  61 orcs
  2 bats
  6 endoplasms
  3 giant cockroaches (D:2)
  10 goblins
  10 hobgoblins
  A jackal (shapeshifter) (Vaults:5)
  4 quokkas
  10 ball pythons
  A dart slug zombie (Crypt:1)
  2 frilled lizards
  13 kobolds
  3 rats
  A ball lightning (Pan)
  2 creeping infernos
  14 fire vortices
  A lurking horror (Abyss:1)
5973 creatures vanquished.

Vanquished Creatures (collateral kills)
  A Killer Klown (Zig:27)
  5 pandemonium lords
  4 pearl dragons
  2 electric golems
  2 Tzitzimimeh (Tar:7)
  3 Brimstone Fiends
  A hellephant (Zig:26)
  A Hell Sentinel (Dis:7)
  A tentacled monstrosity (Zot:2)
  2 liches
  2 Ice Fiends (Coc:7)
  3 tainted leviathans
  3 searing wretches (Zig:26)
  A titan (Coc:7)
  2 Executioners (Pan)
  A tengu reaver (Crypt:2)
  3 narguns
  A shadow dragon (Zig:21)
  A daeva (Zig:18)
  3 draconian shifters
  2 curse skulls
  An ironbound preserver (Zig:24)
  A draconian scorcher (Zig:22)
  A draconian stormcaller (Zig:22)
  4 war gargoyles
  A reaper (Pan)
  2 vampire knights (Zig:25)
  An ophan (Zig:18)
  A demonspawn black sun (Pan)
  A wendigo (Coc:7)
  A spark wasp (Zig:14)
  2 green deaths (Zig:12)
  2 eidola (Zig:25)
  An ettin (Zig:24)
  A ghost crab (Zig:21)
  A two-headed ogre (D:12)
  A radroach (Zig:14)
  4 soul eaters (Pan)
  6 sun demons (Pan)
  A sixfirhy (Pan)
  A bunyip zombie (Crypt:2)
  3 cherubim
  2 orb spiders (Zig:14)
  An anaconda zombie (Crypt:2)
  A wolf spider (Zig:14)
  A mana viper (Zig:19)
  A salamander (Snake:1)
  A guardian serpent (Zig:19)
  A moth of wrath (Zig:14)
  4 smoke demons (Pan)
  A demonic crawler (Zig:14)
  A hellion (Pan)
  3 tormentors
  2 ynoxinuls (Pan)
  A large abomination (Pan)
  5 chaos spawn (Pan)
  A neqoxec (Pan)
  2 nagas (Zig:19)
  2 hell hounds (Pan)
111 creatures vanquished.

Vanquished Creatures (others)
  A dread lich (Zig:25)
  Margery (Vaults:3)
  A pandemonium lord (Pan)
  A pearl dragon (Zig:20)
  A quicksilver dragon (Zig:19)
  A titan (Zig:24)
  A tengu reaver (Zig:10)
  A nagaraja (Zig:10)
  2 balrugs (Pan)
  4 fire giants
  A frost giant (Zig:17)
  A draconian scorcher (Zig:22)
  A ghost moth (shapeshifter) (Zig:27)
  A ghoul (Crypt:3)
  3 draconian annihilators
  2 demonspawn blood saints (Pan)
  A draconian shifter (Zig:22)
  A war gargoyle (Zig:24)
  A yellow draconian (Zig:22)
  2 bennus
  A bunyip (Zig:13)
  A dire elephant (Vaults:1)
  A spectral hellephant (Crypt:3)
  A spectral elf (Crypt:3)
  3 green deaths (Pan)
  2 blizzard demons (Pan)
  2 purple draconians (Zig:22)
  A caustic shrike simulacrum (Coc:1)
  A centaur warrior (Vaults:1)
  A merfolk aquamancer (Shoals:4)
  2 vampire magi (Zig:25)
  A deep elf knight (Elf:2)
  A hell knight (Zig:26)
  A sun demon (Pan)
  An orc high priest (Zig:15)
  An anaconda zombie (Abyss:3)
  A glowing orange brain (Pan)
  A spriggan druid (Zig:13)
  A naga ritualist (Zig:19)
  A deep elf archer (Elf:3)
  A mana viper (Zig:19)
  An orc sorcerer (Zig:15)
  A will-o-the-wisp (Zig:13)
  A black mamba (Snake:4)
  A water nymph (Zig:23)
  A smoke demon (Pan)
  An orange demon (Pan)
  A freezing wraith (Coc:1)
  2 hellwings (Pan)
  A guardian mummy (Crypt:3)
  A merfolk (Zig:23)
  3 hornets (Zig:13)
  A fire bat (Pan)
  A dire elephant simulacrum (Coc:3)
  A neqoxec (Pan)
  3 chaos spawn (Pan)
  4 harpy simulacra
  A naga (Snake:1)
  A floating eye (shapeshifter) (Zig:27)
  A gnoll (Zig:16)
  An orc (Orc:2)
  19 ball lightnings (Pan)
  A block of ice (Pan)
  2 bushes
  2 creeping infernos
  A demonic plant (Abyss:4)
  68 fungi
  2 lurking horrors
  128 plants
  19 starspawn tentacles
324 creatures vanquished.

Grand Total: 6408 creatures vanquished

Notes
Turn   | Place    | Note
-------+----------+-------------------------------------------
     0 | D:1      | holysushi the Kobold Artificer began the quest for the Orb.
     0 | D:1      | Reached XP level 1. HP: 12/12 MP: 1/1
   347 | D:1      | Reached XP level 2. HP: 8/17 MP: 2/2
  1268 | D:1      | Reached XP level 3. HP: 23/23 MP: 3/3
  1274 | D:1      | Found a faded altar of an unknown god.
  2118 | D:2      | Reached XP level 4. HP: 26/29 MP: 4/4
  2903 | D:3      | Noticed Robin
  3322 | D:3      | Found a one-way gate to the infinite horrors of the Abyss.
  3614 | D:3      | Killed Robin
  3808 | D:3      | Reached XP level 5. HP: 34/34 MP: 5/5
  3980 | D:3      | Found a corrupted altar of Lugonu.
  4353 | D:4      | Noticed a centaur
  4364 | D:4      | Killed a centaur
  4365 | D:4      | Reached skill level 5 in Fighting
  4608 | D:4      | Reached XP level 6. HP: 41/41 MP: 6/6
  4836 | D:4      | Reached skill level 1 in Short Blades
  5478 | D:4      | Found a staircase to the Ecumenical Temple.
  5579 | Temple   | Entered the Ecumenical Temple
  6031 | Temple   | Became a worshipper of Dithmenos the Shadowed
  6108 | D:5      | Entered Level 5 of the Dungeon
  6911 | D:5      | Reached XP level 7. HP: 46/46 MP: 7/7
  7123 | D:5      | Found a blossoming altar of Fedhas.
  7175 | D:5      | Reached skill level 5 in Short Blades
  7695 | D:6      | Noticed a wraith
  7717 | D:6      | Killed a wraith
  8167 | D:6      | Reached XP level 8. HP: 51/51 MP: 8/8
  8567 | D:6      | Found Sasyillybri's Weapon Emporium.
  9499 | D:7      | Reached skill level 10 in Short Blades
  9629 | D:7      | Reached XP level 9. HP: 45/55 MP: 9/9
 10489 | D:8      | Noticed a kobold demonologist
 10506 | D:8      | Noticed a sun demon
 10509 | D:8      | Killed a kobold demonologist
 10620 | D:8      | Reached skill level 5 in Dodging
 10661 | D:8      | Reached skill level 5 in Stealth
 10922 | D:8      | Found Rufofeax's Magic Scroll Boutique.
 10925 | D:8      | Bought a scroll of enchant weapon for 90 gold pieces
 10925 | D:8      | Bought a scroll of teleportation for 36 gold pieces
 11204 | D:8      | Found a viscous altar of Jiyva.
 11458 | D:8      | Bought a scroll of fear for 42 gold pieces
 11458 | D:8      | Bought 3 scrolls of magic mapping for 126 gold pieces
 11505 | D:9      | Found Kym Doech's General Store.
 11510 | D:9      | Bought a scroll of fog for 22 gold pieces
 11510 | D:9      | Bought a potion of lignification for 33 gold pieces
 11671 | D:9      | Reached XP level 10. HP: 30/60 MP: 10/10
 12609 | D:9      | Found a staircase to the Lair.
 12842 | D:9      | Reached * piety under Dithmenos
 12852 | D:9      | Noticed a purple ugly thing
 12858 | D:9      | Killed a purple ugly thing
 12859 | D:9      | Reached skill level 10 in Dodging
 13522 | Lair:1   | Entered Level 1 of the Lair of Beasts
 13535 | Lair:1   | Noticed an eight-headed hydra
 13542 | Lair:1   | Killed an eight-headed hydra
 13543 | Lair:1   | Reached XP level 11. HP: 25/68 MP: 11/11
 14267 | Lair:1   | Noticed Nergalle
 14282 | Lair:1   | Killed Nergalle
 14440 | Lair:1   | Reached skill level 10 in Stealth
 15939 | Lair:2   | Reached XP level 12. HP: 76/76 MP: 12/12
 16262 | Lair:2   | Reached skill level 1 in Invocations
 16900 | Lair:3   | Found a staircase to the Snake Pit.
 16940 | Lair:3   | Reached ** piety under Dithmenos
 16949 | Lair:3   | Noticed a catoblepas
 16975 | Lair:3   | Killed a catoblepas
 16979 | Lair:3   | Noticed a catoblepas
 16991 | Lair:3   | Killed a catoblepas
 17232 | Lair:3   | Identified the +7 scythe of Desperation {vorpal, Int+4}
 17475 | Lair:3   | Reached skill level 15 in Dodging
 18130 | Lair:3   | Reached XP level 13. HP: 50/80 MP: 10/16
 18426 | Lair:3   | Noticed a five-headed hydra
 18430 | Lair:3   | Killed a five-headed hydra
 18753 | Lair:3   | Found a staircase to the Shoals.
 19097 | Lair:3   | Reached skill level 10 in Fighting
 19106 | Lair:3   | Reached *** piety under Dithmenos
 19961 | Lair:4   | Reached skill level 5 in Invocations
 20040 | Lair:4   | Noticed a catoblepas
 20042 | Lair:4   | Reached skill level 5 in Evocations
 20045 | Lair:4   | Killed a catoblepas
 20090 | Lair:3   | Identified a scroll of acquirement
 20090 | Lair:3   | Acquired the +7 quick blade of the Holding Moth {flame,
                  | rElec rPois rN+++ Str-5}
 20378 | Lair:4   | Reached **** piety under Dithmenos
 20470 | Lair:4   | Noticed an eight-headed hydra
 20476 | Lair:4   | Killed an eight-headed hydra
 21167 | Lair:5   | Noticed a catoblepas
 21516 | Lair:5   | Killed a catoblepas
 21909 | Lair:5   | Noticed a six-headed hydra
 21913 | Lair:5   | Killed a six-headed hydra
 22002 | Lair:5   | Reached XP level 14. HP: 74/88 MP: 16/18
 22319 | Lair:5   | Found a staircase to the Slime Pits.
 22319 | Lair:5   | Found a viscous altar of Jiyva.
 22873 | Lair:6   | Entered Level 6 of the Lair of Beasts
 22933 | Lair:6   | Noticed Urug
 22969 | Lair:6   | Killed Urug
 23913 | Lair:6   | Reached ***** piety under Dithmenos
 25665 | Lair:6   | Reached XP level 15. HP: 91/96 MP: 18/20
 25978 | D:10     | Entered Level 10 of the Dungeon
 26253 | D:10     | Found a staircase to the Orcish Mines.
 26652 | D:10     | Found Gobiodai's Antique Weapon Boutique.
 26838 | D:10     | Found Ygym's Serpentskin Sales.
 27488 | Orc:1    | Entered Level 1 of the Orcish Mines
 27612 | Orc:2    | Entered Level 2 of the Orcish Mines
 27612 | Orc:2    | Found a staircase to the Elven Halls.
 27706 | Orc:1    | Paralysed by an orc sorcerer for 2 turns
 28476 | Orc:2    | Found Xumem's General Store.
 28498 | Orc:2    | Bought a +2 pair of boots of stealth for 365 gold pieces
 28612 | Orc:2    | Found a runed translucent door.
 28699 | Orc:2    | Found Yrhujopp's General Store.
 28699 | Orc:2    | Found Qiox's Weapon Shop.
 28699 | Orc:2    | Found Bykidgh's Book Boutique.
 28700 | Orc:2    | Found Laigg's Distillery.
 28704 | Orc:2    | Bought a potion of heal wounds for 85 gold pieces
 28704 | Orc:2    | Bought a potion of heal wounds for 85 gold pieces
 28717 | Orc:2    | Bought a manual of Stealth for 1040 gold pieces
 28897 | Orc:2    | Reached skill level 10 in Invocations
 30022 | D:11     | Noticed Erolcha
 30025 | D:11     | Killed Erolcha
 30190 | D:11     | Identified the +1 scale mail of Beastly Music {Contam rPois
                  | Str+2}
 30611 | D:12     | Noticed Azrael
 30627 | D:12     | Reached ****** piety under Dithmenos
 30633 | D:12     | Noticed Josephine
 30637 | D:12     | Killed Josephine
 30654 | D:12     | Found a frozen archway.
 30662 | IceCv    | Entered an ice cave
 30797 | IceCv    | Noticed a quicksilver ooze
 30801 | IceCv    | Killed a quicksilver ooze
 30841 | IceCv    | Found a viscous altar of Jiyva.
 30841 | IceCv    | Noticed an azure jelly
 30850 | IceCv    | Killed an azure jelly
 31002 | IceCv    | Reached XP level 16. HP: 102/102 MP: 24/24
 31473 | D:12     | Killed Azrael
 31855 | D:13     | Noticed Jorgrun
 31859 | D:13     | Killed Jorgrun
 32009 | D:13     | Reached skill level 15 in Stealth
 33035 | D:14     | You fall into a shaft and drop 1 floor!
 33035 | D:15     | Entered Level 15 of the Dungeon
 33041 | D:15     | Noticed Agnes
 33045 | D:15     | Killed Agnes
 33136 | D:15     | Found a staircase to the Depths.
 34207 | Snake:1  | Entered Level 1 of the Snake Pit
 35178 | Snake:2  | Reached XP level 17. HP: 109/109 MP: 26/26
 35370 | Snake:2  | Noticed Vashnia
 35588 | Snake:2  | Killed Vashnia
 35874 | Snake:2  | Reached skill level 15 in Short Blades
 36540 | Snake:2  | Noticed Mlioglotl
 36542 | Snake:2  | Killed Mlioglotl
 36550 | Snake:2  | Noticed Frances
 36553 | Snake:2  | Killed Frances
 36911 | Snake:2  | Upgraded the game from 0.29-a0-409-gd843f3a48c to
                  | 0.29-a0-414-g5075937ec3
 36969 | Snake:3  | Noticed Aizul
 36976 | Snake:3  | Killed Aizul
 37049 | Snake:3  | Reached skill level 15 in Fighting
 37785 | Snake:3  | Noticed Louise
 37790 | Snake:3  | Killed Louise
 37878 | Snake:4  | Entered Level 4 of the Snake Pit
 37886 | Snake:4  | Found a stormy altar of Qazlal.
 38143 | Snake:4  | Reached XP level 18. HP: 119/119 MP: 27/27
 38526 | Snake:4  | Noticed Donald
 38533 | Snake:4  | Killed Donald
 40103 | Snake:4  | Got a serpentine rune of Zot
 40315 | Shoals:1 | Entered Level 1 of the Shoals
 42017 | Shoals:2 | You are sucked into a shaft and drop 1 floor!
 42530 | Shoals:2 | Noticed Polyphemus
 42665 | Shoals:2 | Killed Polyphemus
 42666 | Shoals:2 | Reached XP level 19. HP: 125/125 MP: 27/29
 44273 | Shoals:3 | Found Saoseq's Armour Emporium.
 44369 | Shoals:3 | Found Amenoin's Assorted Antiques.
 44399 | Shoals:3 | Bought a scroll of teleportation for 78 gold pieces
 44531 | Shoals:3 | Found Utwit's Assorted Antiques.
 44548 | Shoals:3 | Found Acueblas's Distillery.
 44553 | Shoals:3 | Bought a potion of cancellation for 128 gold pieces
 44589 | Shoals:3 | Found Futef's Book Boutique.
 45000 | Shoals:4 | Entered Level 4 of the Shoals
 45019 | Shoals:4 | Found Yqumon's Antique Armour Shop.
 45106 | Shoals:4 | Bought a pair of runed boots for 285 gold pieces
 45106 | Shoals:4 | Bought a pair of embroidered boots for 285 gold pieces
 45106 | Shoals:4 | Bought a polished leather armour for 266 gold pieces
 45106 | Shoals:4 | Identified the +1 leather armour of Truth {rN+ Dex+7} (You
                  | bought it in a shop on level 4 of the Shoals)
 45655 | Shoals:4 | Identified the ring "Guohot" {rF+ rC+ Dex+4 Slay-5 SInv}
 46541 | Shoals:4 | Got a barnacled rune of Zot
 47189 | Elf:1    | Entered Level 1 of the Elven Halls
 47313 | Elf:1    | Noticed Nikola
 47329 | Elf:1    | Killed Nikola
 47330 | Elf:1    | Reached XP level 20. HP: 64/132 MP: 15/31
 47561 | Elf:1    | Found Ynan Zel's Jewellery Emporium.
 47738 | Elf:1    | Reached skill level 15 in Invocations
 48236 | Elf:1    | Identified the +4 fustibalus "Jeqenaza" {freeze, Str+3
                  | Dex+5}
 48238 | Elf:1    | Got the Volume of Illusion
 49130 | Elf:2    | Noticed Asterion
 49132 | Elf:2    | Killed Asterion
 49232 | Elf:2    | Found Qorof's Jewellery Shoppe.
 49313 | Elf:2    | Found a runed translucent gate.
 49313 | Elf:2    | Found a runed translucent gate.
 49315 | Elf:2    | Found a runed translucent gate.
 49607 | Elf:2    | Noticed Zenata
 49612 | Elf:2    | Killed Zenata
 50004 | Elf:3    | Entered Level 3 of the Elven Halls
 50136 | Elf:3    | Noticed Saint Roka
 50235 | Elf:3    | Killed Saint Roka
 50573 | Elf:3    | Found Misoirag's Magic Scroll Emporium.
 50574 | Elf:3    | Found Esuwiuch's General Store.
 50924 | Elf:3    | Found Xolillic's General Store.
 51182 | Elf:3    | Reached skill level 10 in Evocations
 51220 | Elf:3    | Found Yruhomeq's Distillery.
 51247 | Elf:3    | Found Jacen's Distillery.
 51265 | Elf:3    | Found Zanlouxi's Antique Weapon Shop.
 51266 | Elf:3    | Found Roqeodug's Antique Armour Shop.
 51390 | Elf:3    | Bought a smoking robe for 165 gold pieces
 51390 | Elf:3    | Identified the +0 robe "Haimpuon" {rC+} (You bought it in a
                  | shop on level 3 of the Elven Halls)
 51660 | Elf:3    | Reached XP level 21. HP: 134/138 MP: 23/32
 52147 | Elf:3    | Found Esuwiuch's General Store.
 52151 | Elf:3    | Found Misoirag's Magic Scroll Emporium.
 52259 | Elf:3    | Found Jacen's Distillery.
 52276 | Elf:3    | Found Zanlouxi's Antique Weapon Shop.
 52277 | Elf:3    | Found Roqeodug's Antique Armour Shop.
 52340 | Elf:3    | Found Xolillic's General Store.
 52378 | Elf:3    | Found Yruhomeq's Distillery.
 53182 | Elf:3    | Identified the +1 leather armour of a sewer {Slay+3}
 53205 | Elf:3    | Identified the +11 chain mail "Xuejaudi" {rC+ rN+ Str-2}
 53229 | Elf:3    | Identified the +8 chain mail "Yckuokhlaed" {Int+3 Stlth+}
 53243 | Elf:3    | Identified the +6 falchion "Ugigh" {flame, rPois rN++ Str-3
                  | Stlth+}
 53256 | Elf:3    | Noticed a Brimstone Fiend
 53359 | Elf:3    | Got the Guide on Viperous Evil Arts
 53362 | Elf:3    | Got the Incunabulum of the Creative Volcanoes
 53920 | Depths:1 | Entered Level 1 of the Depths
 54819 | Depths:1 | Identified the +10 plate armour of New Discoveries {SInv}
 55059 | Depths:1 | Identified the ring of Gallu {rF+ Str+6 Slay+2 Stlth+}
 55464 | Depths:1 | Identified the +8 morningstar of the Original Sin {elec,
                  | Str+2}
 55894 | Depths:1 | Reached XP level 22. HP: 147/147 MP: 34/34
 56132 | Depths:1 | Found Piaw's Jewellery Shoppe.
 56132 | Depths:1 | Found Vachaloceb's Jewellery Shoppe.
 56133 | Depths:1 | Found Bog Egop's Book Shop.
 56266 | Depths:1 | Found a gateway to Hell.
 58040 | Depths:1 | Bought the amulet "Naisoll" {Faith Rampage Drain Dex+3
                  | SInv} for 622 gold pieces
 58416 | Depths:2 | Found a one-way gateway to a ziggurat.
 58434 | Depths:2 | Identified the +7 chain mail of Tototiga {+Blink rPois
                  | Str-4}
 58438 | Depths:2 | Got Gukki's Volume of Aerial Transformation
 58616 | Depths:2 | Paralysed by a floating eye for 4 turns
 60223 | Depths:2 | Reached skill level 15 in Evocations
 60225 | Depths:2 | Found a one-way gate leading to the halls of Pandemonium.
 60985 | D:14     | Found a gate to the Vaults.
 61022 | D:14     | Identified the ring of Wishful Thinking {Drain rCorr EV+4
                  | Dex+6}
 61187 | D:14     | Found a sparkling altar of Nemelex Xobeh.
 61237 | D:14     | Reached XP level 23. HP: 153/153 MP: 35/35
 61621 | Elf:2    | Bought the amulet of Wonder {RegenMP +Inv Slay+6 Stlth+}
                  | for 1368 gold pieces
 61853 | Slime:1  | Entered Level 1 of the Pits of Slime
 62592 | Slime:5  | Entered Level 5 of the Pits of Slime
 62610 | Slime:5  | Found a viscous altar of Jiyva.
 62611 | Slime:5  | Noticed the Royal Jelly
 62615 | Slime:5  | Killed the Royal Jelly
 65182 | Slime:2  | You fall into a shaft and drop 1 floor!
 66699 | Slime:5  | Identified the +2 pair of boots "Ganatele" {-Cast rPois rF+
                  | Regen+}
 66721 | Slime:5  | Reached XP level 24. HP: 161/161 MP: 35/35
 66733 | Slime:5  | Identified the ring "Dorof" {Fly rC+ Dex+3}
 66739 | Slime:5  | Got a slimy rune of Zot
 66744 | Slime:5  | Identified the +4 war axe "Itafoag" {flame, rN+ Will+
                  | Int+4}
 66754 | Slime:5  | Identified the +1 robe of the Shoals {rElec rN++}
 67321 | Vaults:1 | Entered Level 1 of the Vaults
 67335 | Vaults:1 | Found Lukes's General Store.
 67339 | Vaults:1 | Bought a potion of invisibility for 152 gold pieces
 68146 | Vaults:1 | Reached XP level 25. HP: 168/168 MP: 35/35
 68965 | Shoals:3 | Bought the +2 buckler of Undesirable Species {-Cast rF+
                  | rN+++ Will+} for 769 gold pieces
 69561 | Vaults:1 | Reached skill level 1 in Shields
 70860 | Vaults:2 | Identified the +0 helmet of Tazeqaq {rN+}
 70989 | Vaults:2 | Found a staircase to the Crypt.
 70989 | Vaults:2 | Found an ancient bone altar of Kikubaaqudgha.
 70989 | Vaults:2 | Found a basalt altar of Yredelemnul.
 71105 | Vaults:2 | Identified the +0 pair of boots of Eptaull {-Cast rElec
                  | rC++ Str+4}
 71558 | Vaults:3 | Identified the +2 cloak of the Lair of Beasts {Int+2}
 72238 | Vaults:3 | Noticed Jory
 72260 | Vaults:3 | Noticed Margery
 72411 | Vaults:3 | Killed Jory
 72638 | Vaults:3 | Paralysed by a sphinx for 4 turns
 72796 | Vaults:3 | Reached XP level 26. HP: 129/154 MP: 35/35
 72831 | Vaults:3 | Killed Margery
 74035 | Vaults:4 | Found Juwnoq's Book Shoppe.
 74656 | Vaults:4 | Reached skill level 5 in Shields
 74712 | Vaults:4 | Found a transporter.
 74877 | Vaults:4 | Found a shimmering blue altar of Sif Muna.
 74929 | Vaults:4 | Found a transporter.
 74949 | Vaults:4 | Noticed an ancient lich
 74952 | Vaults:4 | Killed an ancient lich
 75045 | Vaults:4 | Identified the amulet of Kiumn {Reflect rF+ SH+5}
 78113 | Depths:3 | Reached XP level 27. HP: 181/181 MP: 35/35
 78799 | Depths:3 | Reached skill level 1 in Armour
 79120 | Depths:3 | Found a portal to a secret trove of treasure.
 79542 | Depths:3 | Identified the +6 hunting sling "Dusu" {flame, rPois rF++}
 79551 | Depths:3 | Identified the +1 chain mail of Hedonism {+Inv Regen+}
 79603 | Depths:3 | Noticed a dread lich
 79608 | Depths:3 | Killed a dread lich
 79695 | Depths:4 | Entered Level 4 of the Depths
 79995 | Depths:4 | Identified the +4 spear of Vanity {vorpal, MP+9}
 81226 | Depths:4 | Found a runed translucent door.
 81298 | Depths:4 | Found a runed translucent door.
 81324 | Depths:4 | Found a runed translucent door.
 81383 | Depths:4 | Found a runed translucent door.
 81390 | Depths:4 | Found a runed translucent door.
 81574 | Depths:4 | Found a runed translucent door.
 81692 | Depths:4 | Found a gate to the Realm of Zot.
 81948 | Hell     | Entered the Vestibule of Hell
 81967 | Hell     | Noticed Geryon
 81979 | Hell     | Killed Geryon
 82066 | Hell     | Found a gateway to the freezing wastes of Cocytus.
 82386 | Hell     | Found a gateway to the Iron City of Dis.
 82895 | Hell     | Reached skill level 5 in Armour
 82949 | Hell     | Found a gateway to the ashen valley of Gehenna.
 83120 | Hell     | Found a gateway to the decaying netherworld of Tartarus.
 83865 | Vaults:5 | Entered Level 5 of the Vaults
 84358 | Vaults:5 | Identified the +0 robe "Imeyqoinn" {Dex+4}
 84980 | Vaults:5 | Acquired 867 gold pieces
 85658 | Vaults:5 | Identified the +3 scimitar of Cujix {venom, rElec rN+}
 85664 | Vaults:5 | Identified the ring "Xyahacec" {rPois rC+ Int-4 Dex+5}
 85679 | Vaults:5 | Got a silver rune of Zot
 85688 | Vaults:5 | Identified the +6 morningstar of Bakhow {freeze, rC+ Will+
                  | Int+4}
 85874 | Crypt:1  | Entered Level 1 of the Crypt
 85919 | Crypt:1  | Noticed Bai Suzhen
 85922 | Crypt:1  | Killed Bai Suzhen
 86549 | Crypt:1  | Noticed an ancient lich
 86551 | Crypt:1  | Killed an ancient lich
 87633 | Crypt:2  | Noticed Sojobo
 87678 | Crypt:2  | Killed Sojobo
 88510 | Crypt:3  | Entered Level 3 of the Crypt
 89653 | Crypt:3  | Noticed a royal mummy
 89728 | Crypt:3  | Reached skill level 10 in Shields
 89728 | Crypt:3  | Killed a royal mummy
 90456 | Crypt:3  | Found a staircase to the Tomb.
 90740 | Crypt:3  | Got Naagh's Reference Book on Stolen Souls
 91035 | Crypt:3  | Identified the +9 chain mail of the Accordion {-Tele
                  | Slay+5}
 91432 | Crypt:3  | Learned a level 2 spell: Blink
 91480 | Crypt:3  | Identified the +1 plate armour of Patience {*Corrode rN+
                  | Dex+3}
 91492 | Crypt:3  | Identified the +2 chain mail of Shielding {rF+ rCorr}
 91651 | Tomb:1   | Entered Level 1 of the Tomb of the Ancients
 92094 | Tomb:1   | Noticed a royal mummy
 92094 | Tomb:1   | Noticed a royal mummy
 92096 | Tomb:1   | Noticed a royal mummy
 92096 | Tomb:1   | Killed a royal mummy
 92098 | Tomb:1   | Killed a royal mummy
 92302 | Tomb:1   | Noticed a royal mummy
 92302 | Tomb:1   | Killed a royal mummy
 92306 | Tomb:1   | Killed a royal mummy
 93012 | Tomb:2   | Noticed a royal mummy
 93102 | Tomb:2   | Noticed a royal mummy
 93118 | Tomb:2   | Noticed a royal mummy
 93130 | Tomb:2   | Noticed a royal mummy
 93130 | Tomb:2   | Killed a royal mummy
 93131 | Tomb:2   | Noticed a royal mummy
 93323 | Tomb:2   | Killed a royal mummy
 93348 | Tomb:2   | Killed a royal mummy
 93370 | Tomb:2   | Killed a royal mummy
 93422 | Tomb:2   | Killed a royal mummy
 94350 | Depths:1 | Voluntarily entered the Abyss.
 94917 | Abyss:2  | Gained mutation: You occasionally shout uncontrollably at
                  | your foes. [a cacodemon]
 94921 | Abyss:2  | Lost mutation: You occasionally shout uncontrollably at
                  | your foes. [potion of mutation]
 94921 | Abyss:2  | Gained mutation: You have sharp toenails. [potion of
                  | mutation]
 94921 | Abyss:2  | Gained mutation: Your muscles are strong. (Str +2) [potion
                  | of mutation]
 95730 | Abyss:3  | Found a corrupted altar of Lugonu.
 95986 | Abyss:4  | Found a corrupted altar of Lugonu.
 95998 | Abyss:4  | Got an abyssal rune of Zot
 96802 | Abyss:5  | Entered Level 5 of the Abyss
 96940 | Depths:1 | Escaped the Abyss
 97117 | Tar:1    | Entered Level 1 of Tartarus
 97922 | Tar:4    | Noticed a royal mummy
 97922 | Tar:4    | You are sucked into a shaft and drop 2 floors!
 98130 | Tar:7    | Entered Level 7 of Tartarus
 98331 | Tar:4    | Killed a royal mummy
 98351 | Tar:4    | Noticed an ancient lich
 98352 | Tar:4    | Killed an ancient lich
 98355 | Tar:4    | Noticed a royal mummy
 98356 | Tar:4    | Killed a royal mummy
 99646 | Depths:3 | You paid a toll of 6 scrolls of blinking to enter a
                  | treasure trove
 99647 | Trove    | Entered a treasure trove
100220 | Pan      | Entered Pandemonium
100581 | Pan      | Noticed Nikit the pandemonium lord
100627 | Pan      | Killed Nikit the pandemonium lord
101963 | Pan      | Found a white marble altar of Elyvilon.
102197 | Pan      | Identified the ring "Depluint" {Will+ rCorr Dex+3 SInv}
102516 | Pan      | Identified the +1 tower shield "Keipn" {Int+4}
102885 | Pan      | Found a glowing silver altar of Zin.
103676 | Pan      | Identified the ring "Ziodin" {Will+ Str+2}
103915 | Pan      | Identified the ring "Miegiw" {rF+ Will+ Dex+6}
103915 | Pan      | Noticed a seraph
103916 | Pan      | Found a glowing golden altar of the Shining One.
104007 | Pan      | Identified the +7 spear "Tyexzait" {freeze, Int+2}
104100 | Pan      | Killed a seraph
104129 | Pan      | Got a demonic rune of Zot
104250 | Depths:2 | Escaped Pandemonium
104252 | Pan      | Entered Pandemonium
104344 | Pan      | Noticed Muceatos the pandemonium lord
104356 | Pan      | Killed Muceatos the pandemonium lord
104601 | Pan      | Gained mutation: You do not regenerate when monsters are
                  | visible. [a cacodemon]
104875 | Pan      | Identified the ring of the Nice Tangerine {*Corrode rElec
                  | rN+ MP+9}
104883 | Pan      | Identified the +1 helmet of Gravity {rPois}
105664 | Pan      | Noticed Ziupresm the pandemonium lord
105921 | Pan      | Killed Ziupresm the pandemonium lord
106104 | Pan      | Noticed Vocaenwe the pandemonium lord
106106 | Pan      | Killed Vocaenwe the pandemonium lord
107044 | Pan      | Gained mutation: You have hidden genetic defects. [a
                  | neqoxec]
107552 | Pan      | Found a transporter.
107588 | Pan      | Found a transporter.
107592 | Pan      | Identified the amulet "Tadwuvvo" {Spirit rN+ rCorr Str+4}
107605 | Pan      | Identified the ring "Zicwio Duan" {rF+ SInv}
107930 | Pan      | Found an exit through the horrors of the Abyss.
108217 | Pan      | Noticed Uthujopp the pandemonium lord
108253 | Pan      | Killed Uthujopp the pandemonium lord
108412 | Pan      | Gained mutation: You are frail. (-10% HP) [hidden defects]
108817 | Pan      | Got Zydghapp's Incunabulum of Blistering Dark Secrets
109477 | Pan      | Reached skill level 15 in Shields
109477 | Pan      | Gained mutation: You are clumsy. (Dex -2) [hidden defects]
109477 | Pan      | Lost mutation: You have hidden genetic defects. [hidden
                  | defects expressed]
109587 | Pan      | Noticed Zuocwus the pandemonium lord
109590 | Pan      | Killed Zuocwus the pandemonium lord
109948 | Pan      | Gained mutation: You are very clumsy. (Dex -4) [a
                  | cacodemon]
109957 | Pan      | Lost mutation: Your muscles are strong. (Str +2) [potion of
                  | mutation]
109957 | Pan      | Lost mutation: You have sharp toenails. [potion of
                  | mutation]
109957 | Pan      | Lost mutation: You do not regenerate when monsters are
                  | visible. [potion of mutation]
109957 | Pan      | Lost mutation: You are very clumsy. (Dex -4) [potion of
                  | mutation]
109960 | Pan      | Lost mutation: You are frail. (-10% HP) [potion of
                  | mutation]
109960 | Pan      | Lost mutation: You are clumsy. (Dex -2) [potion of
                  | mutation]
109960 | Pan      | Gained mutation: You expend magic power (3 MP) to
                  | strengthen your wands. [potion of mutation]
109960 | Pan      | Gained mutation: You are frail. (-10% HP) [potion of
                  | mutation]
109960 | Pan      | Gained mutation: You are weak. (Str -2) [potion of
                  | mutation]
109960 | Pan      | Gained mutation: You have supernaturally acute eyesight.
                  | (SInv) [potion of mutation]
109961 | Pan      | Lost mutation: You expend magic power (3 MP) to strengthen
                  | your wands. [potion of mutation]
109961 | Pan      | Lost mutation: You are weak. (Str -2) [potion of mutation]
109961 | Pan      | Lost mutation: You have supernaturally acute eyesight.
                  | (SInv) [potion of mutation]
109961 | Pan      | Gained mutation: You are weak. (Str -2) [potion of
                  | mutation]
109961 | Pan      | Gained mutation: You are somewhat resistant to further
                  | mutation. [potion of mutation]
109968 | Pan      | Lost mutation: You are weak. (Str -2) [potion of mutation]
109968 | Pan      | Lost mutation: You are frail. (-10% HP) [potion of
                  | mutation]
109968 | Pan      | Lost mutation: You are somewhat resistant to further
                  | mutation. [potion of mutation]
109968 | Pan      | Gained mutation: You expend magic power (3 MP) to
                  | strengthen your wands. [potion of mutation]
109968 | Pan      | Gained mutation: You are partially covered in iridescent
                  | scales. (AC +2) [potion of mutation]
110138 | Pan      | Acquired a manual of Shields
111559 | Pan      | Noticed Itiemp the pandemonium lord
111597 | Pan      | Killed Itiemp the pandemonium lord
111925 | Pan      | Noticed Kaliox the pandemonium lord
111988 | Pan      | Killed Kaliox the pandemonium lord
112032 | Pan      | Gained mutation: You are frail. (-10% HP) [a neqoxec]
112504 | Pan      | Entered the realm of Cerebov.
112505 | Pan      | Lost mutation: You are partially covered in iridescent
                  | scales. (AC +2) [potion of mutation]
112505 | Pan      | Lost mutation: You are frail. (-10% HP) [potion of
                  | mutation]
112505 | Pan      | Lost mutation: You expend magic power (3 MP) to strengthen
                  | your wands. [potion of mutation]
112505 | Pan      | Gained mutation: You have hidden genetic potential. [potion
                  | of mutation]
112505 | Pan      | Gained mutation: Your mind is acute. (Int +2) [potion of
                  | mutation]
112603 | Pan      | Found an exit through the horrors of the Abyss.
112990 | Pan      | Found the +6 sword of Cerebov {flame}
112990 | Pan      | Noticed Cerebov
113005 | Pan      | Identified the +4 short sword of a bailey {freeze, Str+5}
113991 | Pan      | Identified the amulet "Fanouj" {Faith +Inv rCorr Int+5}
114079 | Pan      | Killed Cerebov
114140 | Pan      | Got a fiery rune of Zot
114220 | Pan      | Entered the realm of Gloorx Vloq.
114352 | Pan      | Found an exit through the horrors of the Abyss.
114565 | Pan      | Got a dark rune of Zot
114608 | Pan      | Noticed Gloorx Vloq
114611 | Pan      | Killed Gloorx Vloq
114782 | Pan      | Identified the +1 leather armour of Beogh {Harm Dex+2}
115654 | Pan      | Gained mutation: Your body sometimes deteriorates upon
                  | taking damage. [a cacodemon]
115657 | Pan      | Gained mutation: You are weak. (Str -2) [a cacodemon]
115786 | Pan      | Entered the realm of Lom Lobon.
115879 | Pan      | Reached skill level 27 in Invocations
116420 | Pan      | Reached skill level 27 in Stealth
116430 | Pan      | Reached skill level 27 in Short Blades
116522 | Pan      | Reached skill level 27 in Fighting
116538 | Pan      | Reached skill level 27 in Dodging
116538 | Pan      | Reached skill level 27 in Evocations
116815 | Pan      | Noticed Lom Lobon
116827 | Pan      | Lost mutation: You are weak. (Str -2) [hidden potential]
117175 | Pan      | Got a magical rune of Zot
121249 | Pan      | Reached skill level 10 in Armour
123709 | Pan      | Killed Lom Lobon
124147 | Pan      | Entered the realm of Mnoleg.
124351 | Pan      | Got a glowing rune of Zot
124357 | Pan      | Noticed Mnoleg
124359 | Pan      | Killed Mnoleg
124435 | Pan      | Gained mutation: You expend magic power (3 MP) to
                  | strengthen your wands. [hidden potential]
124435 | Pan      | Lost mutation: You have hidden genetic potential. [hidden
                  | potential expressed]
124662 | Pan      | Noticed Uvammetzi the pandemonium lord
124664 | Pan      | Killed Uvammetzi the pandemonium lord
124671 | Depths:2 | Escaped Pandemonium
124952 | Tar:7    | Noticed an ancient lich
124955 | Tar:7    | Killed an ancient lich
124960 | Tar:7    | Noticed an ancient lich
124982 | Tar:7    | Killed an ancient lich
124984 | Tar:7    | Noticed an ancient lich
125014 | Tar:7    | Killed an ancient lich
125021 | Tar:7    | Identified the +9 mace of Hairy Purpose {chaos, Stlth+}
125043 | Tar:7    | Identified the +4 shortbow of the Soothsayer {vorpal, rN+
                  | Dex+4}
125059 | Tar:7    | Identified the +0 hand axe of Innocence {chaos, rElec
                  | Int+3}
125572 | Tar:7    | Found the +8 Wrath of Trog {antimagic, *Rage Rampage}
125575 | Tar:7    | Identified the ring of Xoppiydy {Str+6 Int+4}
125579 | Tar:7    | Identified the +3 shortbow "Pialat" {vorpal, rF+ rC+ Will++
                  | Str-4}
126559 | Tar:7    | Lost mutation: You expend magic power (3 MP) to strengthen
                  | your wands. [potion of mutation]
126559 | Tar:7    | Lost mutation: Your body sometimes deteriorates upon taking
                  | damage. [potion of mutation]
126559 | Tar:7    | Lost intelligence.
126559 | Tar:7    | Lost mutation: Your mind is acute. (Int +2) [potion of
                  | mutation]
126559 | Tar:7    | Gained mutation: You are somewhat resistant to further
                  | mutation. [potion of mutation]
127321 | Pan      | Entered Pandemonium
127477 | Pan      | Found an exit through the horrors of the Abyss.
127781 | Pan      | Noticed Ydghac the pandemonium lord
127837 | Pan      | Gained mutation: You are weak. (Str -2) [a cacodemon]
128491 | Pan      | Noticed Kyulla the pandemonium lord
128574 | Pan      | Killed Kyulla the pandemonium lord
129666 | Pan      | Gained mutation: You occasionally shout uncontrollably at
                  | your foes. [a neqoxec]
129947 | Pan      | Noticed Ticwym the pandemonium lord
129954 | Pan      | Killed Ticwym the pandemonium lord
130517 | Pan      | Noticed Diteoc the pandemonium lord
130520 | Pan      | Killed Diteoc the pandemonium lord
130644 | Pan      | Found an exit through the horrors of the Abyss.
130763 | Pan      | Noticed Cubeduge the pandemonium lord
130766 | Pan      | Killed Cubeduge the pandemonium lord
131420 | Pan      | Found an exit through the horrors of the Abyss.
132241 | Pan      | Noticed Seurez the pandemonium lord
132255 | Pan      | Killed Seurez the pandemonium lord
132323 | Pan      | Noticed Orarud the pandemonium lord
132339 | Pan      | Reached skill level 15 in Armour
132351 | Pan      | Killed Orarud the pandemonium lord
133898 | Pan      | Noticed Daoga the pandemonium lord
134193 | Pan      | Killed Daoga the pandemonium lord
134464 | Pan      | Found an exit through the horrors of the Abyss.
134518 | Pan      | Took an exit into the Abyss.
134518 | Abyss:1  | Escaped into the Abyss
134574 | Depths:2 | Escaped the Abyss
134968 | Tar:7    | Identified the +1 pair of boots of Magic {Regen+ Slay-3
                  | SInv}
135066 | Tar:7    | Noticed Ereshkigal
135083 | Tar:7    | Killed Ereshkigal
135126 | Tar:7    | Got a bone rune of Zot
136354 | Tar:7    | Identified the +8 hand axe of Ciuquiro {vorpal, Stlth+}
136395 | Tar:7    | Found the +8 orange crystal plate armour {Archmagi, Int+3
                  | Clar}
136420 | Tar:7    | Identified the +9 flail "Hydraslayer" {flame, rPois Dex+4}
136424 | Tar:7    | Identified the ring of Balance {Wiz *Slow rElec rC+ Str+4}
136921 | Pan      | Entered Pandemonium
138330 | Pan      | Found an exit through the horrors of the Abyss.
138564 | Pan      | Noticed Duoqikhlu the pandemonium lord
138583 | Pan      | Killed Duoqikhlu the pandemonium lord
138628 | Depths:2 | Escaped Pandemonium
139193 | Tomb:1   | Noticed a royal mummy
139195 | Tomb:1   | Killed a royal mummy
139198 | Tomb:1   | Noticed a royal mummy
139205 | Tomb:1   | Noticed a royal mummy
139206 | Tomb:1   | Noticed a royal mummy
139207 | Tomb:1   | Noticed a royal mummy
139255 | Tomb:1   | Killed a royal mummy
139325 | Tomb:1   | Killed a royal mummy
139375 | Tomb:1   | Killed a royal mummy
139375 | Tomb:1   | Noticed a royal mummy
139393 | Tomb:1   | Killed a royal mummy
139454 | Tomb:1   | Killed a royal mummy
139849 | Tomb:1   | Noticed a royal mummy
139860 | Tomb:1   | Killed a royal mummy
139932 | Tomb:1   | Noticed a royal mummy
139933 | Tomb:1   | Noticed a royal mummy
140044 | Tomb:1   | Killed a royal mummy
140069 | Tomb:1   | Noticed a royal mummy
140139 | Tomb:1   | Killed a royal mummy
140552 | Tomb:1   | Killed a royal mummy
140570 | Tomb:1   | Noticed a royal mummy
140585 | Tomb:1   | Killed a royal mummy
140607 | Tomb:1   | Noticed a royal mummy
140610 | Tomb:1   | Killed a royal mummy
140613 | Tomb:1   | Noticed a royal mummy
140615 | Tomb:1   | Killed a royal mummy
140618 | Tomb:1   | Noticed a royal mummy
140619 | Tomb:1   | Noticed a royal mummy
140619 | Tomb:1   | Noticed a royal mummy
140620 | Tomb:1   | Killed a royal mummy
140624 | Tomb:1   | Noticed a royal mummy
140645 | Tomb:1   | Noticed a royal mummy
140649 | Tomb:1   | Noticed a royal mummy
140684 | Tomb:1   | Killed a royal mummy
140717 | Tomb:1   | Killed a royal mummy
140780 | Tomb:1   | Killed a royal mummy
140799 | Tomb:1   | Killed a royal mummy
140817 | Tomb:1   | Killed a royal mummy
141828 | Pan      | Entered Pandemonium
142267 | Pan      | Noticed Dosetz the pandemonium lord
142771 | Pan      | Killed Dosetz the pandemonium lord
150320 | Depths:2 | Escaped Pandemonium
150987 | Tomb:3   | Entered Level 3 of the Tomb of the Ancients
150990 | Tomb:3   | Noticed a royal mummy
150994 | Tomb:3   | Noticed Khufu
150995 | Tomb:3   | Lost mutation: You are weak. (Str -2) [potion of mutation]
150995 | Tomb:3   | Lost mutation: You are somewhat resistant to further
                  | mutation. [potion of mutation]
150995 | Tomb:3   | Lost mutation: You occasionally shout uncontrollably at
                  | your foes. [potion of mutation]
150995 | Tomb:3   | Gained mutation: You possess an exceptional clarity of
                  | mind. [potion of mutation]
151022 | Tomb:3   | Noticed Mennas
151025 | Tomb:3   | Killed Mennas
151035 | Tomb:3   | Identified the amulet "Syuppu" {RegenMP -Tele rN+++}
151036 | Tomb:3   | Found the ring of the Octopus King
151098 | Tomb:3   | Killed Khufu
151153 | Tomb:3   | Noticed a royal mummy
151162 | Tomb:3   | Noticed a royal mummy
151177 | Tomb:3   | Killed a royal mummy
151184 | Tomb:3   | Killed a royal mummy
151192 | Tomb:3   | Noticed a royal mummy
151200 | Tomb:3   | Killed a royal mummy
151216 | Tomb:3   | Killed a royal mummy
151219 | Tomb:3   | Noticed a royal mummy
151270 | Tomb:3   | Killed a royal mummy
151272 | Tomb:3   | Noticed a royal mummy
151294 | Tomb:3   | Killed a royal mummy
151296 | Tomb:3   | Noticed a royal mummy
151304 | Tomb:3   | Noticed a royal mummy
151319 | Tomb:3   | Killed a royal mummy
151320 | Tomb:3   | Noticed a royal mummy
151377 | Tomb:3   | Killed a royal mummy
151425 | Tomb:3   | Killed a royal mummy
151499 | Tomb:3   | Identified a ring of the Octopus King {rN+ AC+1 EV+1 Str+1
                  | Int+1 Dex+1}
151513 | Tomb:3   | Identified the +8 whip of Sedwenua {vorpal, Dex+4}
151514 | Tomb:3   | Identified the +9 war axe of Defiance {vorpal, rPois MP+9
                  | Dex+4}
151516 | Tomb:3   | Identified the +7 falchion "Atayc" {vorpal, rN+ Str+6}
151520 | Tomb:3   | Identified the +11 rapier of Diskaek {vorpal, MP-9 Int+6}
151545 | Tomb:3   | Noticed a royal mummy
151556 | Tomb:3   | Killed a royal mummy
151847 | Tomb:3   | Identified the +0 short sword "Ulecwu Kura" {holy, Fly rC+}
151968 | Tomb:3   | Got a golden rune of Zot
152791 | Geh:1    | Entered Level 1 of Gehenna
153384 | Geh:2    | You fall into a shaft and drop 2 floors!
153618 | Pan      | Entered Pandemonium
154260 | Pan      | Noticed Eninorch the pandemonium lord
154274 | Pan      | Killed Eninorch the pandemonium lord
155959 | Pan      | Noticed Viasumol the pandemonium lord
155961 | Pan      | Killed Viasumol the pandemonium lord
157118 | Pan      | Noticed Lufaruzu the pandemonium lord
157131 | Pan      | Killed Lufaruzu the pandemonium lord
157471 | Pan      | Found an exit through the horrors of the Abyss.
157963 | Pan      | Took an exit into the Abyss.
157963 | Abyss:1  | Escaped into the Abyss
158046 | Depths:2 | Escaped the Abyss
158874 | Geh:7    | Entered Level 7 of Gehenna
159326 | Geh:7    | Identified the +4 ring mail of Surprise {rF+ SInv}
159591 | Geh:7    | Found the +7 sceptre of Asmodeus
159591 | Geh:7    | Noticed Asmodeus
159605 | Geh:7    | Killed Asmodeus
159933 | Coc:1    | Entered Level 1 of Cocytus
160716 | Pan      | Entered Pandemonium
160770 | Pan      | Noticed Nuciv the pandemonium lord
160796 | Pan      | Killed Nuciv the pandemonium lord
161247 | Pan      | Identified the -5 cloak of Elyvilon's Approval {rN+ Int+5}
161257 | Pan      | Found an exit through the horrors of the Abyss.
162171 | Pan      | Found an exit through the horrors of the Abyss.
163196 | Pan      | Found an exit through the horrors of the Abyss.
164248 | Pan      | Noticed Tipy the pandemonium lord
164383 | Pan      | Killed Tipy the pandemonium lord
166173 | Depths:2 | Escaped Pandemonium
167520 | Coc:6    | Noticed a shard shrike
167520 | Coc:6    | Noticed a shard shrike
167521 | Coc:6    | Noticed a shard shrike
167521 | Coc:6    | Noticed a shard shrike
167528 | Hell     | Killed a shard shrike
167756 | Hell     | Killed a shard shrike
167953 | Hell     | Killed a shard shrike
168144 | Hell     | Killed a shard shrike
168344 | Coc:6    | Noticed a shard shrike
168546 | Coc:7    | Entered Level 7 of Cocytus
168553 | Coc:7    | Noticed a shard shrike
168554 | Coc:7    | Noticed a shard shrike
168556 | Coc:7    | Killed a shard shrike
168578 | Coc:7    | Killed a shard shrike
168654 | Coc:7    | Noticed a shard shrike
168656 | Coc:7    | Killed a shard shrike
168663 | Coc:7    | Noticed a shard shrike
168663 | Coc:7    | Noticed a shard shrike
168665 | Coc:7    | Killed a shard shrike
168688 | Coc:7    | Killed a shard shrike
168881 | Coc:7    | Noticed a shard shrike
168918 | Coc:7    | Killed a shard shrike
168932 | Coc:7    | Noticed a shard shrike
168965 | Coc:7    | Killed a shard shrike
169307 | Coc:7    | Noticed a shard shrike
169324 | Coc:7    | Killed a shard shrike
169515 | Coc:7    | Noticed a shard shrike
169518 | Coc:7    | Killed a shard shrike
169932 | Pan      | Entered Pandemonium
169934 | Pan      | Found a runed translucent door.
169934 | Pan      | Found a runed translucent door.
169937 | Pan      | Noticed Bic Beke the pandemonium lord
169941 | Pan      | Killed Bic Beke the pandemonium lord
169946 | Pan      | Found a runed translucent door.
169955 | Pan      | Found a runed translucent door.
170225 | Pan      | Found an exit through the horrors of the Abyss.
170564 | Pan      | Gained mutation: You are clumsy. (Dex -2) [a neqoxec]
170702 | Pan      | Acquired 927 gold pieces
171095 | Pan      | Found an exit through the horrors of the Abyss.
171192 | Pan      | Found a runed translucent door.
171203 | Pan      | Found a runed translucent door.
172122 | Pan      | Found an exit through the horrors of the Abyss.
172193 | Pan      | Found a runed translucent door.
172204 | Pan      | Found a runed translucent door.
172875 | Pan      | Found a runed translucent door.
172886 | Pan      | Found a runed translucent door.
173046 | Pan      | Found an exit through the horrors of the Abyss.
173995 | Pan      | Found an exit through the horrors of the Abyss.
174071 | Pan      | Found a runed translucent door.
174076 | Pan      | Found a runed translucent door.
174655 | Pan      | Found a runed translucent door.
174662 | Pan      | Found a runed translucent door.
174942 | Pan      | Found an exit through the horrors of the Abyss.
175528 | Pan      | Noticed Diwog the pandemonium lord
175584 | Pan      | Killed Diwog the pandemonium lord
176323 | Pan      | Found an exit through the horrors of the Abyss.
176487 | Pan      | Took an exit into the Abyss.
176487 | Abyss:1  | Escaped into the Abyss
176498 | Depths:2 | Escaped the Abyss
177158 | Coc:7    | Identified the +9 hand axe "Giqieh" {venom, Drain rElec
                  | Int+3}
177307 | Coc:7    | Noticed Antaeus
177351 | Coc:7    | Killed Antaeus
177376 | Coc:7    | Got an icy rune of Zot
177383 | Coc:7    | Got Jirao's Volume of Ice
177432 | Coc:7    | Noticed a shard shrike
177544 | Dis:1    | Entered Level 1 of the Iron City of Dis
177713 | Dis:2    | You are sucked into a shaft and drop 1 floor!
177717 | Dis:3    | Reached skill level 27 in Armour
177718 | Dis:3    | Reached skill level 27 in Shields
177719 | Dis:3    | Reached skill level 1 in Spellcasting
177888 | Dis:5    | Reached skill level 5 in Spellcasting
178089 | Dis:6    | Reached skill level 10 in Spellcasting
178307 | Dis:7    | Entered Level 7 of the Iron City of Dis
178497 | Dis:7    | Noticed a dread lich
178499 | Dis:7    | Killed a dread lich
178516 | Dis:7    | Noticed a juggernaut
178519 | Dis:7    | Killed a juggernaut
178521 | Dis:7    | Noticed the Serpent of Hell
178523 | Dis:7    | Killed the Serpent of Hell
178607 | Dis:7    | Found the +4 staff of Dispater
178607 | Dis:7    | Noticed Dispater
179047 | Dis:7    | Noticed a juggernaut
179050 | Dis:7    | Killed a juggernaut
179051 | Dis:7    | Reached skill level 15 in Spellcasting
179785 | Dis:7    | Noticed a juggernaut
179794 | Dis:7    | Killed a juggernaut
181072 | Dis:7    | Killed Dispater
181095 | Dis:7    | Identified the ring "Biyre" {rC+ rCorr Str+5 Dex+4}
181096 | Dis:7    | Identified the +2 cloak of Responsibility {Str+7}
181104 | Dis:7    | Got an iron rune of Zot
181509 | Pan      | Entered Pandemonium
182175 | Pan      | Gained mutation: You sometimes lose the ability to read
                  | scrolls when taking damage. [a cacodemon]
182267 | Pan      | Found an exit through the horrors of the Abyss.
182630 | Pan      | Noticed Xoorphi the pandemonium lord
182631 | Pan      | Killed Xoorphi the pandemonium lord
183173 | Pan      | Lost mutation: You are clumsy. (Dex -2) [potion of
                  | mutation]
183173 | Pan      | Lost mutation: You possess an exceptional clarity of mind.
                  | [potion of mutation]
183173 | Pan      | Lost mutation: You sometimes lose the ability to read
                  | scrolls when taking damage. [potion of mutation]
183173 | Pan      | Gained mutation: You sometimes lose the ability to read
                  | scrolls when taking damage. [potion of mutation]
183173 | Pan      | Gained mutation: You are agile. (Dex +2) [potion of
                  | mutation]
183173 | Pan      | Gained mutation: You expend magic power (3 MP) to
                  | strengthen your wands. [potion of mutation]
183174 | Pan      | Lost mutation: You expend magic power (3 MP) to strengthen
                  | your wands. [potion of mutation]
183174 | Pan      | Lost mutation: You are agile. (Dex +2) [potion of mutation]
183174 | Pan      | Lost mutation: You sometimes lose the ability to read
                  | scrolls when taking damage. [potion of mutation]
183174 | Pan      | Gained mutation: You tend to lose your temper in combat.
                  | [potion of mutation]
183174 | Pan      | Gained mutation: You have a pair of small antennae on your
                  | head. [potion of mutation]
183174 | Pan      | Gained mutation: Your body sometimes deteriorates upon
                  | taking damage. [potion of mutation]
183174 | Pan      | Gained mutation: You have hidden genetic potential. [potion
                  | of mutation]
183181 | Pan      | Lost mutation: Your body sometimes deteriorates upon taking
                  | damage. [potion of mutation]
183181 | Pan      | Lost mutation: You have a pair of small antennae on your
                  | head. [potion of mutation]
183181 | Pan      | Gained mutation: You have great hidden genetic potential.
                  | [potion of mutation]
183181 | Pan      | Gained mutation: You do not regenerate when monsters are
                  | visible. [potion of mutation]
183182 | Pan      | Lost mutation: You have great hidden genetic potential.
                  | [potion of mutation]
183182 | Pan      | Lost mutation: You have hidden genetic potential. [potion
                  | of mutation]
183182 | Pan      | Lost mutation: You tend to lose your temper in combat.
                  | [potion of mutation]
183182 | Pan      | Gained mutation: You have sharp toenails. [potion of
                  | mutation]
183182 | Pan      | Gained mutation: Armour fits poorly on your strangely
                  | shaped body. [potion of mutation]
183182 | Pan      | Gained mutation: You are robust. (+10% HP) [potion of
                  | mutation]
183290 | Pan      | Took an exit into the Abyss.
183290 | Abyss:1  | Escaped into the Abyss
183736 | Depths:2 | Escaped the Abyss
184260 | Geh:7    | Identified the ring of Pathax {rElec rF+ rN+ Str+7 Dex-2}
184269 | Geh:7    | Identified the ring "Pyar Sen" {rPois Dex+3}
184309 | Geh:7    | Got an obsidian rune of Zot
184549 | Zot:1    | Entered Level 1 of the Realm of Zot
184586 | Zot:1    | Identified the +4 shortbow of the Pyrrhic Victory {venom,
                  | Dex+2}
184764 | Zot:2    | Noticed Vv
184770 | Zot:2    | Killed Vv
184815 | Zot:2    | Identified the +0 falchion "Niomoid" {flame, rElec Str+3}
184864 | Zot:2    | You are sucked into a shaft and drop 1 floor!
185104 | Zot:5    | Entered Level 5 of the Realm of Zot
185484 | Zot:5    | Noticed a dread lich
185488 | Zot:5    | Killed a dread lich
185499 | Zot:5    | Noticed an ancient lich
185502 | Zot:5    | Killed an ancient lich
185693 | Zot:5    | Noticed an orb of fire
185694 | Zot:5    | Noticed an orb of fire
185714 | Zot:5    | Noticed an orb of fire
185725 | Zot:5    | Noticed a Killer Klown
185734 | Zot:5    | HP: 2/167 [orb of fire/fireball (23)]
186084 | Zot:5    | Noticed an orb of fire
186095 | Zot:5    | Acquired 938 gold pieces
186098 | Zot:5    | Noticed a Killer Klown
186100 | Zot:5    | Noticed an orb of fire
186101 | Zot:5    | Killed a Killer Klown
186102 | Zot:5    | Noticed an orb of fire
186103 | Zot:5    | Killed an orb of fire
186105 | Zot:5    | Killed an orb of fire
186241 | Zot:5    | Noticed an orb of fire
186241 | Zot:5    | Noticed an orb of fire
186242 | Zot:5    | Noticed an orb of fire
186243 | Zot:5    | Killed an orb of fire
186245 | Zot:5    | Killed an orb of fire
186314 | Zot:5    | Gained mutation: Your magical capacity is low. (-10% MP)
                  | [an orb of fire]
186321 | Zot:5    | Gained mutation: Your muscles are strong. (Str +2) [an orb
                  | of fire]
186605 | Depths:4 | Learned a level 9 spell: Shatter
187706 | Zig:1    | Entered Level 1 of a ziggurat
187725 | Zig:2    | Entered Level 2 of a ziggurat
187745 | Zig:2    | Reached skill level 1 in Earth Magic
187795 | Zig:3    | Entered Level 3 of a ziggurat
187811 | Zig:3    | Identified the +8 longbow "Douluriv" {venom, rF++ rC+
                  | Dex-4}
187817 | Zig:4    | Entered Level 4 of a ziggurat
187827 | Zig:4    | Identified the ring "Gainip" {Fly Slay+2 SInv}
187841 | Zig:5    | Entered Level 5 of a ziggurat
187866 | Zig:5    | Identified the ring of Zigroic {rElec rF++ rC+ Int+4}
187892 | Zig:6    | Entered Level 6 of a ziggurat
187900 | Zig:6    | Noticed a dread lich
187902 | Zig:6    | Killed a dread lich
187903 | Zig:6    | Reached skill level 5 in Earth Magic
187904 | Zig:6    | Identified the +8 quarterstaff of Neurosis {speed, Will+
                  | Str+5 Int-5}
187921 | Zig:6    | Identified the +5 chain mail "Poyzagut" {Slay+3}
187950 | Zig:7    | Entered Level 7 of a ziggurat
187978 | Zig:7    | Identified the +0 scale mail of Idyor {Str+2}
188052 | Zig:7    | Reached skill level 10 in Earth Magic
188116 | Zig:8    | Entered Level 8 of a ziggurat
188658 | Zig:9    | Entered Level 9 of a ziggurat
188672 | Zig:9    | Noticed Pewye the pandemonium lord
188672 | Zig:9    | Found the +7 Singing Sword {vorpal, sonic wave}
188696 | Zig:9    | Killed Pewye the pandemonium lord
188807 | Zig:9    | Identified the amulet "Hoxuro Kuje" {Reflect rC+++ Str+3
                  | SH+5}
188863 | Zig:10   | Entered Level 10 of a ziggurat
189287 | Zig:10   | Identified the +1 ring mail of the Wilderness {rN++ Str-4
                  | Int+4}
189303 | Zig:11   | Entered Level 11 of a ziggurat
189330 | Zig:11   | Identified the +6 triple crossbow "Kuas" {venom, Dex+2}
189510 | Zig:12   | Entered Level 12 of a ziggurat
189583 | Zig:12   | Noticed Sazxipn the pandemonium lord
189625 | Zig:12   | Killed Sazxipn the pandemonium lord
189752 | Zig:12   | Identified the +12 mace of Kekhliawn {drain, Int+5}
189797 | Zig:12   | Identified the +11 great sword of Causality {vorpal, rF-
                  | rN+ Dex+4}
189824 | Zig:13   | Entered Level 13 of a ziggurat
189846 | Zig:13   | Reached skill level 15 in Earth Magic
189849 | Zig:13   | Identified the +4 chain mail of the Saviour {SInv}
189916 | Zig:13   | Identified the +4 flail of the Final Beds {flame, rN+ Int-2
                  | Dex+4}
189953 | Zig:13   | Identified the +7 quarterstaff "Qebucs" {freeze, rN+ rCorr}
189959 | Zig:13   | Identified the ring of Sif Muna's Regard {rC+ Str+3 SInv}
190029 | Zig:14   | Entered Level 14 of a ziggurat
190047 | Zig:14   | Found the +7 great mace "Firestarter" {inner flame, rF++}
190119 | Zig:14   | Identified the +3 glaive "Nuyjeast" {spect, MP+9 Int+4}
190464 | Zig:14   | Identified the +3 short sword "Vugao" {antimagic, SInv}
190491 | Zig:15   | Entered Level 15 of a ziggurat
190516 | Zig:15   | Noticed a juggernaut
190516 | Zig:15   | Noticed a juggernaut
190603 | Zig:15   | Identified the ring of the Lonely Leylines {Str+6 SInv}
190654 | Zig:15   | Killed a juggernaut
190682 | Zig:15   | Killed a juggernaut
190910 | Zig:16   | Entered Level 16 of a ziggurat
190935 | Zig:16   | Noticed a juggernaut
190937 | Zig:16   | Killed a juggernaut
190942 | Zig:16   | Noticed a juggernaut
190945 | Zig:16   | Killed a juggernaut
190951 | Zig:16   | Identified the amulet of Trepidation {Acrobat rC+ Regen+
                  | Dex-4}
190956 | Zig:16   | Noticed a juggernaut
191123 | Zig:16   | Killed a juggernaut
191284 | Zig:16   | Identified the +5 hand axe "Fifynlurch" {antimagic, rC- rN+
                  | SInv}
191306 | Zig:16   | Identified the +1 ring mail of Ezxisas {rPois}
191383 | Zig:17   | Entered Level 17 of a ziggurat
191405 | Zig:17   | Noticed a juggernaut
191488 | Zig:17   | Killed a juggernaut
191506 | Zig:17   | Identified the ring of Cyunobeh {Ice rElec rPois rN++
                  | Will-}
191521 | Zig:17   | Identified the +9 bardiche "Concordance" {flame, rC+ rCorr
                  | Int+4}
191537 | Zig:17   | Identified the +4 war axe "Assusul" {elec, Int+3}
191789 | Zig:17   | Lost mutation: You are robust. (+10% HP) [potion of
                  | mutation]
191789 | Zig:17   | Lost mutation: You do not regenerate when monsters are
                  | visible. [potion of mutation]
191789 | Zig:17   | Lost mutation: Your magical capacity is low. (-10% MP)
                  | [potion of mutation]
191789 | Zig:17   | Gained mutation: Your spells are a little harder to cast,
                  | but a little more powerful. [potion of mutation]
191790 | Zig:17   | Lost mutation: You have sharp toenails. [potion of
                  | mutation]
191790 | Zig:17   | Lost mutation: Your muscles are strong. (Str +2) [potion of
                  | mutation]
191790 | Zig:17   | Lost mutation: Armour fits poorly on your strangely shaped
                  | body. [potion of mutation]
191790 | Zig:17   | Gained mutation: You occasionally shout uncontrollably at
                  | your foes. [potion of mutation]
191790 | Zig:17   | Gained mutation: You frequently scream uncontrollably at
                  | your foes. [potion of mutation]
191790 | Zig:17   | Gained mutation: You have large cloven feet. [potion of
                  | mutation]
191790 | Zig:17   | Gained mutation: You passively dampen the noise of your
                  | surroundings. [potion of mutation]
191792 | Zig:17   | Lost mutation: You have large cloven feet. [potion of
                  | mutation]
191792 | Zig:17   | Lost mutation: You passively dampen the noise of your
                  | surroundings. [potion of mutation]
191792 | Zig:17   | Lost mutation: Your spells are a little harder to cast, but
                  | a little more powerful. [potion of mutation]
191792 | Zig:17   | Gained mutation: Armour fits poorly on your strangely
                  | shaped body. [potion of mutation]
191792 | Zig:17   | Gained mutation: You are strong-willed. (Will+) [potion of
                  | mutation]
191793 | Zig:17   | Lost mutation: You frequently scream uncontrollably at your
                  | foes. [potion of mutation]
191793 | Zig:17   | Lost mutation: You occasionally shout uncontrollably at
                  | your foes. [potion of mutation]
191793 | Zig:17   | Lost mutation: You are strong-willed. (Will+) [potion of
                  | mutation]
191793 | Zig:17   | Gained mutation: You are partially covered in iridescent
                  | scales. (AC +2) [potion of mutation]
191793 | Zig:17   | Gained mutation: You possess an exceptional clarity of
                  | mind. [potion of mutation]
191794 | Zig:17   | Lost mutation: Armour fits poorly on your strangely shaped
                  | body. [potion of mutation]
191794 | Zig:17   | Lost mutation: You possess an exceptional clarity of mind.
                  | [potion of mutation]
191794 | Zig:17   | Gained mutation: Your natural rate of healing is unusually
                  | fast. [potion of mutation]
191803 | Zig:18   | Entered Level 18 of a ziggurat
192320 | Zig:18   | Identified the +5 broad axe "Kusyr" {drain, Contam rF++ rC+
                  | Stlth+}
192324 | Zig:18   | Identified the ring of Woxkavae {rN+ Int+7 Dex+2}
192334 | Zig:18   | Identified the +7 chain mail of Lethargy {Harm rC+}
192379 | Zig:19   | Entered Level 19 of a ziggurat
192666 | Zig:19   | Found the +6 arbalest "Damnation" {damnation}
192674 | Zig:19   | Identified the ring of Cagabif {Fly rC+ Str+3 Int+6 SInv}
192694 | Zig:19   | Identified the +6 rapier of Hacking and Slashing {vorpal,
                  | rC- rN+ Int+4}
192701 | Zig:19   | Identified the +11 flail "Aubergine" {drain, rPois Dex+2}
192716 | Zig:20   | Entered Level 20 of a ziggurat
192866 | Zig:20   | Found the brooch of Shielding {Spirit SH+8}
192867 | Zig:20   | Identified the +5 robe "Daolar" {Rampage rElec Str+9 Dex-3}
192876 | Zig:20   | Got the Reference Book on Enthralling Snow
192976 | Zig:20   | Identified the amulet "Cihumpiuhyng" {Reflect Str+3 SH+5}
192983 | Zig:20   | Identified the ring of Stoicism {Will- Int+6 Dex+9}
193126 | Zig:21   | Entered Level 21 of a ziggurat
193174 | Zig:21   | Noticed Waohesse's ghost (legendary VSFi)
193208 | Zig:21   | Noticed BerryKnight's ghost (legendary DgFi)
193221 | Zig:21   | Noticed Teaz Xo Upt's ghost (legendary GnFE)
193224 | Zig:21   | Killed Waohesse's ghost
193298 | Zig:21   | Killed Teaz Xo Upt's ghost
193371 | Zig:21   | Killed BerryKnight's ghost
193381 | Zig:21   | Noticed runemage's ghost (legendary GnFi)
193392 | Zig:21   | Noticed grandjackal's ghost (legendary DsGl)
193537 | Zig:21   | Killed runemage's ghost
193587 | Zig:21   | Noticed Xorhowon's ghost (legendary MiBe)
193595 | Zig:21   | Noticed Dittersdorf's ghost (legendary MiBe)
193602 | Zig:21   | Killed Xorhowon's ghost
193687 | Zig:21   | Killed Dittersdorf's ghost
193692 | Zig:21   | Killed grandjackal's ghost
193844 | Zig:21   | Found the +13 scythe of Curses {drain, Drain}
193845 | Zig:21   | Found the +0 staff of Battle
193863 | Zig:21   | Identified the amulet of Burir {Faith Str+2 Int+4}
193869 | Zig:21   | Identified the +8 dagger of Bury {spect, rC+++ Str+2 Dex-5}
193883 | Zig:21   | Identified the +2 hand crossbow of the Red Skies {penet,
                  | rPois rC+ Str+3}
193936 | Zig:22   | Entered Level 22 of a ziggurat
194055 | Zig:22   | Found the +0 mask of the Dragon {Will+ Slay+3 SInv}
194074 | Zig:22   | Identified the ring of Roydgh {rElec rC+ Str+6 Int-4}
194122 | Zig:22   | Identified the ring of Pofru {+Blink Will- Dex+8 SInv}
194125 | Zig:22   | Identified the +9 rapier "Waicli Uran" {elec, Fly Dex+4}
194144 | Zig:22   | Identified the ring of Iqypnof {Fly MP+9}
194240 | Zig:22   | Identified the +7 rapier "Caecallu" {drain, *Rage rElec
                  | Dex+5}
194366 | Zig:23   | Entered Level 23 of a ziggurat
194819 | Zig:23   | Reached skill level 27 in Earth Magic
195036 | Zig:23   | Identified the ring of Gach {rF+ rN+ Dex+6 Slay-2 SInv}
195041 | Zig:23   | Found the +3 hat of Pondering {ponderous, Will+ MP+10
                  | Int+5}
195044 | Zig:23   | Identified the +1 plate armour of the Morning Star {-Tele
                  | Dex+3 Stlth+}
195054 | Zig:23   | Identified the amulet "Myjeit" {Faith Fly rElec Stlth+}
195070 | Zig:23   | Identified the +3 plate armour "Rouj" {rElec rC- Regen+
                  | MP-9}
195078 | Zig:24   | Entered Level 24 of a ziggurat
195096 | Zig:24   | Noticed an ancient lich
195105 | Zig:24   | Killed an ancient lich
195106 | Zig:24   | Noticed a dread lich
195160 | Zig:24   | Noticed an ancient lich
195165 | Zig:24   | Killed a dread lich
195167 | Zig:24   | Noticed an ancient lich
195167 | Zig:24   | Noticed an ancient lich
195174 | Zig:24   | Noticed an ancient lich
195177 | Zig:24   | Killed an ancient lich
195191 | Zig:24   | Killed an ancient lich
195197 | Zig:24   | Killed an ancient lich
195239 | Zig:24   | Killed an ancient lich
195256 | Zig:24   | Identified the +5 scale mail of Inviolability {+Blink rPois
                  | Will+}
195449 | Zig:24   | Identified the +1 trident of Neurosis {vorpal, SInv}
195518 | Zig:24   | Identified the +2 leather armour of Temperance {rC- rCorr
                  | Str+3 Dex+3}
195559 | Zig:25   | Entered Level 25 of a ziggurat
195741 | Zig:25   | Noticed an ancient lich
195756 | Zig:25   | Killed an ancient lich
195993 | Zig:25   | Noticed a dread lich
196074 | Zig:25   | Killed a dread lich
196090 | Zig:25   | Cast into level 3 of the Abyss (reaper)
196104 | Zig:25   | Escaped the Abyss
196317 | Zig:25   | Cast into level 3 of the Abyss (reaper)
196455 | Abyss:3  | Found a corrupted altar of Lugonu.
196506 | Abyss:3  | Gained mutation: Your magical capacity is low. (-10% MP) [a
                  | neqoxec]
196509 | Abyss:3  | Gained mutation: You occasionally shout uncontrollably at
                  | your foes. [a neqoxec]
196700 | Abyss:3  | Learned a level 6 spell: Iron Shot
196706 | Abyss:3  | Learned a level 5 spell: Borgnjor's Vile Clutch
196714 | Abyss:3  | Learned a level 7 spell: Spellforged Servitor
196827 | Zig:25   | Escaped the Abyss
196830 | Zig:25   | Noticed an ancient lich
196831 | Zig:25   | Noticed a dread lich
196856 | Zig:25   | Killed an ancient lich
196890 | Zig:25   | Killed a dread lich
197063 | Zig:25   | Found the +9 staff of Olgreb {rPois∞}
197066 | Zig:25   | Reached skill level 27 in Spellcasting
197078 | Zig:25   | Identified the ring "Toera Wirgh" {Fire rN+}
197091 | Zig:25   | Identified the +2 scale mail "Xegituto" {Contam Int+5}
197216 | Zig:25   | Identified the +1 hand crossbow "Tuyqiu" {elec, Will+ Int+3
                  | Dex+4}
197230 | Zig:25   | Reached skill level 5 in Conjurations
197230 | Zig:25   | Reached skill level 5 in Summonings
197239 | Zig:26   | Entered Level 26 of a ziggurat
197824 | Zig:26   | Acquired 477 gold pieces
197825 | Zig:26   | Acquired 652 gold pieces
197838 | Zig:26   | Identified the +5 chain mail of Trumpets {Will- Regen+
                  | Int+7 SInv}
197844 | Zig:26   | Identified the amulet of Romod {Reflect Regen+ rCorr SH+5}
197846 | Zig:26   | Identified the amulet of Taasecip {Faith +Blink SInv}
197858 | Zig:26   | Identified the +2 hand axe "Afyod" {flame, rF+ rC+ Int+6
                  | Dex-4}
197860 | Zig:27   | Entered Level 27 of a ziggurat
197881 | Zig:27   | Noticed Fidell the pandemonium lord
197915 | Zig:27   | Noticed Vuakuohaff the pandemonium lord
197965 | Zig:27   | Noticed Ythred the pandemonium lord
197972 | Zig:27   | Noticed Plog the pandemonium lord
197982 | Zig:27   | Killed Plog the pandemonium lord
197983 | Zig:27   | Noticed Moask the pandemonium lord
197984 | Zig:27   | Noticed a Killer Klown
197992 | Zig:27   | Killed Ythred the pandemonium lord
197993 | Zig:27   | Reached skill level 10 in Conjurations
197993 | Zig:27   | Reached skill level 10 in Summonings
198031 | Zig:27   | Noticed Piext the pandemonium lord
198032 | Zig:27   | Noticed a Killer Klown
198054 | Zig:27   | Killed Moask the pandemonium lord
198065 | Zig:27   | Noticed Waptoth the pandemonium lord
198074 | Zig:27   | Killed a Killer Klown
198080 | Zig:27   | Noticed a Killer Klown
198084 | Zig:27   | Noticed Yjoracva the pandemonium lord
198140 | Zig:27   | Noticed Echifoem the pandemonium lord
198140 | Zig:27   | Noticed a Killer Klown
198162 | Zig:27   | Killed Echifoem the pandemonium lord
198176 | Zig:27   | Noticed a Killer Klown
198179 | Zig:27   | Noticed Ecaohil the pandemonium lord
198194 | Zig:27   | Killed Ecaohil the pandemonium lord
198215 | Zig:27   | Killed a Killer Klown
198216 | Zig:27   | Killed Fidell the pandemonium lord
198218 | Zig:27   | Noticed Histafot the pandemonium lord
198218 | Zig:27   | Noticed Jallianext the pandemonium lord
198222 | Zig:27   | Killed a Killer Klown
198224 | Zig:27   | Noticed Quunulee the pandemonium lord
198224 | Zig:27   | Noticed Fuepnak the pandemonium lord
198237 | Zig:27   | Killed Histafot the pandemonium lord
198238 | Zig:27   | Noticed Fuymeucs the pandemonium lord
198238 | Zig:27   | Noticed Gaczadom the pandemonium lord
198238 | Zig:27   | Noticed a Killer Klown
198239 | Zig:27   | Paralysed by you for 3 turns
198248 | Zig:27   | Killed Fuepnak the pandemonium lord
198259 | Zig:27   | Paralysed by a floating eye for 3 turns
198262 | Zig:27   | Mangled by Gaczadom the pandemonium lord

Illustrated notes

Levels and vault maps discovered:
D:1:      tarquinn_simple_flora_water_a, layout_loops_ring,
          shapermc_ecumenical_altar_mp_urbaneastern
D:2:      layout_basic
D:3:      layout_basic, amcnicky_altar_lugonu_corruption, uniq_robin
D:4:      layout_basic, minmay_temple_entry_fiery, hex_intersection,
          kennysheep_small_square
D:5:      layout_basic, mainiacjoe_overflow_small_starburst
D:6:      layout_basic, serial_shops, nicolae_shop_bloodbath_and_beyond
D:7:      layout_gridville
D:8:      layout_loops_ring, serial_shops, kennysheep_mini, jiyva_altar_1
D:9:      layout_irregular_city, minmay_lair_entry_grove, serial_shops,
          nicolae_stop_n_shop_1
D:10:     layout_stronghold, erik_orc_1, serial_shops, shop, guppyfry_shop_venom
D:11:     layout_loops_corners, uniq_erolcha
D:12:     minmay_dotted_concentric_squares, layout_basic, portal_ice_cave_rime,
          uniq_josephine, uniq_azrael
D:13:     layout_gridville, uniq_jorgrun
D:14:     layout_roguey, david_vaults_4, nemelex_lonely_heart_becter
D:15:     grunt_enter_depths_snipers, layout_loops_cross, corexii_corridor_pit,
          uniq_agnes
Temple:   mainiacjoe_temple_trianglar_array
Lair:1:   layout_misc_corridors, uniq_nergalle
Lair:2:   layout_layer_cave, infiniplex_staircase_pool_2
Lair:3:   layout_cave_shapes, minmay_shoals_entry_hut,
          guppyfry_snake_entry_garden, special_room [special_room_bee],
          guppyfry_lair_drakes
Lair:4:   beast_lair_carwin_large_2, layout_loops_ring, serial_bayou_crossing
Lair:5:   layout_layer_cave, slime_altar_1, grunt_megastairs_4
Lair:6:   minmay_lair_end_enchanted_forest, layout_long_grid,
          infiniplex_staircase_pool, serial_bayou_shore_b, uniq_urug
Shoals:1: layout_shoals, nicolae_shoals_sun_and_surf
Shoals:2: layout_shoals, nicolae_shoals_spring_well_temple, uniq_polyphemus
Shoals:3: layout_shoals, serial_shops, nicolae_shop_statue_plus, shop,
          nicolae_lakefront_shop, shop_statue,
          nicolae_shop_temple_entry_statues_fountains
Shoals:4: shoals_end_simple, layout_shoals, serial_shops,
          nicolae_shop_hallway_plus
Snake:1:  layout_rooms
Snake:2:  nicolae_snake_nest, layout_onion_interference, serial_bayou_shore_b,
          grunt_megastairs_1, uniq_frances, uniq_vashnia, uniq_mlioglotl
Snake:3:  layout_rooms, uniq_aizul, uniq_louise
Snake:4:  snake_pit_salamanders_mu, layout_layer_cave, basic_altar, uniq_donald
Slime:1:  layout_caves
Slime:2:  layout_caves
Slime:3:  layout_caves
Slime:4:  layout_caves
Slime:5
Orc:1:    layout_caves
Orc:2:    st_orc_rangers, layout_caves, serial_shops, shop, basic_altar,
          lightli_church_of_beogh
Elf:1:    minmay_elf_arrival_plus, layout_loops_ring, serial_shops,
          nicolae_diamond_shop, minmay_elf_demonology, uniq_nikola
Elf:2:    nicolae_elf_blades_splatter_lattice [nicolae_blade_bullseye],
          layout_geoelf_octagon, serial_shops, shop,
          nicolae_elf_shapeshifter_party, uniq_zenata, uniq_asterion
Elf:3:    minmay_elf_hall_not_hex, layout_geoelf_octagon, serial_shops, shop,
          nicolae_shop_crystal, shop, shop, nicolae_shop_advertising_works
          [nicolae_subvault_shop_adworks], drop_trap,
          hellmonk_bongcloud_opening, minmay_shop_star, uniq_saint_roka
Vaults:1: nicolae_vaults_network_square, vaults_mumra_hexcomb, v_alt_pattern_5,
          nicolae_vaults_ring_of_whatevers, nicolae_vaults_ninety_degrees,
          v_rooms_4, nicolae_vaults_disjoint_gnomons, v_misc_13,
          nicolae_vaults_rhombus_6, layout_vaults_big_cross, serial_shops,
          nicolae_diamond_shop
Vaults:2: ontoclasm_vaults_ring_large, vaults_room_boxed,
          nicolae_vaults_little_squares_3, hangedman_vaults_variations,
          hangedman_vaults_snaps, v_misc_2, nicolae_vaults_little_squares_3,
          vaults_room_stairs_pillars, nicolae_vaults_twisting_passages,
          vaults_room_semicircle, nicolae_vaults_specimen_jars, v_pattern_1,
          layout_vaults_omnibox, minmay_crypt_entry_necro_gods
Vaults:3: nicolae_vaults_what_the_h, nicolae_vaults_little_squares_2,
          ontoclasm_vaults_ligature, nicolae_vaults_rhombus_6,
          nicolae_vaults_mini_display_case, hangedman_vaults_corner,
          vaults_dpeg_diagonal, nicolae_vaults_little_squares_5,
          vaults_dpeg_hooks, v_misc_25, v_misc_18, nicolae_vaults_asterisk,
          layout_vaults_ring, uniq_margery, uniq_jory
Vaults:4: v_misc_29, nicolae_vaults_network_barrier, gammafunk_sealed_library,
          v_misc_31, nicolae_vaults_big_angled_halls, ontoclasm_vaults_spin,
          nicolae_vaults_ring_of_whatevers, hangedman_vaults_nails,
          nicolae_vaults_little_squares_4, ontoclasm_vaults_loading_screen,
          layout_vaults_chaotic_city, serial_shops, shop
Vaults:5
Crypt:1:  layout_misc_corridors, hex_large, minmay_strange_pillars,
          uniq_bai_suzhen
Crypt:2:  layout_basic, grunt_megastairs_5, uniq_sojobo
Crypt:3:  due_elkab, layout_chaotic_city, beargit_elvish_explorers
Tomb:1
Tomb:2
Tomb:3:   uniq_mennas, uniq_khufu
Depths:1: minmay_bloctagon_deflated, layout_gridlike, abyss_entry_crystal,
          hangedman_tar_grid_catacomb, hangedman_decor_points,
          serial_sigils_hangedman_etch, minmay_multi_spiral,
          infiniplex_staircase_pool_lava, minmay_shop_grove
Depths:2: lemuel_river_lethe, pan_entry, hell_entry
Depths:3: minmay_the_grid_square_5x5_4x4_mashed
          [minmay_the_grid_square_5x5_minibox, minmay_the_grid_square_5x5_three,
          minmay_the_grid_square_5x5_dogpile, minmay_the_grid_square_5x5_inset,
          minmay_the_grid_square_5x5_one_wall,
          minmay_the_grid_square_5x5_prize_rear_guard,
          minmay_the_grid_square_5x5_prize_monsterx,
          minmay_the_grid_square_5x5_doubleslash,
          minmay_the_grid_square_5x5_spiral,
          minmay_the_grid_square_5x5_prize_pseudospiral,
          minmay_the_grid_square_5x5_prize_junk,
          minmay_the_grid_square_5x5_hourglass,
          minmay_the_grid_square_5x5_misaligned,
          minmay_the_grid_square_5x5_bite,
          minmay_the_grid_square_5x5_checkered_statues,
          minmay_the_grid_square_5x5_plus], layout_basic, abyss_entry_glasseish,
          nicolae_two_hexagons, lightli_too_deep, enter_trove_2, chequers_jeans,
          hangedman_abyss_or_decor_clamps, grunt_potential,
          infiniplex_staircase_zigzag_2
Depths:4: evilmike_zot_entry_castle, layout_cave_shapes, grunt_decor_one_mirror,
          hell_entry, hellmonk_scarab_ruin
Hell
Dis:1:    layout_subdivisions
Dis:2:    layout_gridville, nicolae_dis_metal_dragon_surprise
Dis:3:    layout_regular_city
Dis:4:    layout_regular_city
Dis:5:    nicolae_dis_hell_of_blades
Dis:6:    layout_gridville
Dis:7:    dis_grunt_layers
Geh:1:    layout_gehenna_lava_caves
Geh:2:    layout_gehenna_lava_caves
Geh:3:    layout_gehenna_pools_basic
Geh:4:    layout_gehenna_pools_triple, nicolae_geh_fourpack
Geh:5:    layout_gehenna_lava_caves
Geh:6:    layout_gehenna_lava_caves
Geh:7:    geh_mu
Coc:1:    layout_ice_bergs
Coc:2:    nicolae_coc_through_the_icewall, layout_ice_bergs
Coc:3:    layout_ice_bergs
Coc:4:    layout_ice_bergs
Coc:5:    layout_cocytus_water_paths
Coc:6:    layout_ice_bergs, nicolae_hells_seeping_fissure
Coc:7:    coc_grunt_cove [coc_grunt_cove_antaeus, coc_grunt_cove_fiend,
          coc_grunt_cove_fiend, coc_grunt_cove_fiend, coc_grunt_cove_fiend]
Tar:1:    layout_honeycomb
Tar:2:    layout_cathedral_of_symmetry, nicolae_tar_combstack
Tar:3:    layout_grid_maze, nicolae_tar_cuneiform_two
Tar:4:    hangedman_restless_catacombs
Tar:5:    layout_cathedral_of_symmetry
Tar:6:    layout_honeycomb
Tar:7:    tar_old
Zot:1:    layout_basic, st_stairs_3, kennysheep_underground_church
Zot:2:    layout_misc_corridors, grunt_ministairs_15, uniq_vv
Zot:3:    layout_twisted_circle, gammafunk_ghost_crypt
Zot:4:    kennysheep_oblong_rooms, layout_twisted_circle
Zot:5:    layout_gridville
Zig:27:   ziggurat_pillar_d, ziggurat_pillar_d, ziggurat_pillar_d,
          ziggurat_pillar_d

Skill      XL: |  1  2  3  4  5  6  7  8  9 10 11 12 13 14 15 16 17 18 19 20 21 22 23 24 25 26 27 |
---------------+----------------------------------------------------------------------------------+-----
Fighting       | 2 3 4 6 7 9 10 11 12 13 15 16 17 18 19 20 27 | 27.0
Short Blades   | 3 7 11 12 13 14 16 17 18 19 20 21 22 27 | 27.0
Stealth        | 2 3 6 8 10 11 14 17 19 21 23 24 25 26 27 | 27.0
Dodging        | 7 10 13 16 18 19 20 21 22 23 24 25 27 | 27.0
Invocations    | 4 6 7 11 12 13 14 15 16 17 27 | 27.0
Evocations     | 6 8 10 12 15 19 27 | 27.0
Shields        | 4 5 27 | 27.0
Armour         | 27 | 27.0
Spellcasting   | 27 | 27.0
Earth Magic    | 27 | 27.0
Conjurations   | 10 | 10.8
Summonings     | 10 | 10.8

Action                   |  1- 3 |  4- 6 |  7- 9 | 10-12 | 13-15 | 16-18 | 19-21 | 22-24 | 25-27 || total
-------------------------+-------+-------+-------+-------+-------+-------+-------+-------+-------++-------
Melee: Club              |    17 |       |       |       |       |       |       |       |       ||    17
       Short sword       |    90 |   126 |   217 |   604 |   287 |       |       |       |       ||  1324
       Punch             |     3 |     1 |     3 |     7 |    31 |    28 |    33 |    48 |     2 ||   156
       Quick blade       |       |       |       |       |  1488 |  1393 |  1543 |  1448 | 23159 || 29031
       Unarmed           |       |       |       |       |       |       |       |       |     1 ||     1
 Cast: Blink             |       |       |       |       |       |       |       |       |     2 ||     2
Invok: Shadow Form       |       |       |       |       |     2 |     3 |     6 |     2 |    99 ||   112
       Shadow Step       |       |       |       |       |       |       |       |     2 |     6 ||     8
 Abil: Evoke Invisibilit |       |       |       |       |       |       |       |       |     1 ||     1
       End Transformatio |       |       |       |       |       |       |       |       |     5 ||     5
Evoke: Wand              |     3 |     2 |    17 |     9 |     2 |     8 |    13 |     6 |   113 ||   173
       Condenser vane    |       |       |       |     1 |     2 |     4 |     5 |     1 |    41 ||    54
       Phantom mirror    |       |       |       |       |     1 |     4 |     1 |       |    42 ||    48
       Phial of floods   |       |       |       |       |       |       |     2 |     1 |    21 ||    24
       Box of beasts     |       |       |       |       |       |       |       |       |    62 ||    62
       Horn of Geryon    |       |       |       |       |       |       |       |       |    57 ||    57
       Tin of tremorston |       |       |       |       |       |       |       |       |    27 ||    27
       Lightning rod     |       |       |       |       |       |       |       |       |     4 ||     4
  Use: Scroll            |       |     9 |     7 |     4 |    10 |     4 |     4 |     8 |    48 ||    94
       Potion            |       |       |       |     2 |       |       |     1 |     5 |    85 ||    93
 Stab: Sleeping          |    10 |    13 |    12 |    13 |   126 |   138 |   138 |   139 |   984 ||  1573
       Distracted        |       |     1 |     2 |     2 |    20 |    26 |    19 |    37 |   988 ||  1095
       Invisible         |       |       |       |       |    12 |       |    18 |     5 |   829 ||   864
       Paralysed         |       |       |       |       |       |     2 |     3 |       |     4 ||     9
       Petrified         |       |       |       |       |       |       |     2 |       |     1 ||     3
       Held in net/web   |       |       |       |       |       |       |       |       |     1 ||     1
Armor: Leather armour    |    20 |    30 |    42 |    56 |    92 |       |    31 |    66 |   696 ||  1033
       Troll leather arm |       |       |       |       |    20 |    71 |    22 |       |       ||   113
Dodge: Dodged            |    73 |   117 |   117 |   336 |  1273 |   863 |   686 |   869 | 13790 || 18124
Block: Buckler           |       |       |       |       |       |       |       |       | 10716 || 10716

Table legend: (Time is in decaauts)
 A = Elapsed time spent in this place.
 B = Non-inter-level travel time spent in this place.
 C = Inter-level travel time spent in this place.
 D = Time resting spent in this place.
 E = Time spent auto-exploring this place.
 F = Levels seen in this place.
 G = Mean time per level.
                   A        B        C        D        E       F      G
               +--------+--------+--------+--------+--------+-----+--------+
         Total | 178165 | 162867 |  15298 |  33320 |  81884 | 166 | 1073.3 |
       Dungeon |  21860 |  17765 |   4095 |   3828 |  11657 |  15 | 1457.3 |
        Temple |    481 |    435 |     46 |      0 |    427 |   1 |  481.0 |
          Lair |  12397 |  11208 |   1189 |   2905 |   6185 |   6 | 2066.2 |
        Shoals |   6179 |   5876 |    303 |    875 |   3609 |   4 | 1544.8 |
     Snake Pit |   5262 |   5045 |    217 |    719 |   2991 |   4 | 1315.5 |
    Slime Pits |   4721 |   4574 |    147 |   2086 |    940 |   5 |  944.2 |
  Orcish Mines |   1618 |   1522 |     96 |    157 |    747 |   2 |  809.0 |
   Elven Halls |   6127 |   5790 |    337 |   1347 |   3277 |   3 | 2042.3 |
        Vaults |  10297 |   9198 |   1099 |   2204 |   4493 |   5 | 2059.4 |
         Crypt |   5689 |   5105 |    584 |   1314 |   2379 |   3 | 1896.3 |
          Tomb |   5881 |   4766 |   1115 |   1641 |    922 |   3 | 1960.3 |
        Depths |  14465 |  10830 |   3635 |   4052 |   3490 |   4 | 3616.2 |
          Hell |   3499 |   3089 |    410 |   1953 |    173 |   1 | 3499.0 |
           Dis |   2971 |   2778 |    193 |    758 |    551 |   7 |  424.4 |
       Gehenna |   2529 |   2144 |    385 |    291 |    370 |   7 |  361.3 |
       Cocytus |   3445 |   2729 |    716 |    973 |    241 |   7 |  492.1 |
      Tartarus |   4711 |   4103 |    608 |   1061 |    828 |   7 |  673.0 |
           Zot |   1670 |   1554 |    116 |    515 |    227 |   5 |  334.0 |
         Abyss |   3141 |   3141 |      0 |     33 |    770 |  12 |  261.8 |
   Pandemonium |  53195 |  53195 |      0 |   5002 |  35079 |  36 | 1477.6 |
      Ziggurat |   7565 |   7565 |      0 |   1554 |   2361 |  27 |  280.2 |
         Trove |     58 |     58 |      0 |      0 |      0 |   1 |   58.0 |
      Ice Cave |    391 |    391 |      0 |     50 |    165 |   1 |  391.0 |
               +--------+--------+--------+--------+--------+-----+--------+

Top non-repeatable levels by time:
Depths:2: 4837 daAuts
  Tomb:1: 3969 daAuts
Depths:1: 3681 daAuts
Depths:4: 3648 daAuts
    Hell: 3499 daAuts
   Elf:3: 3289 daAuts
   Tar:7: 2926 daAuts
 Crypt:3: 2921 daAuts
  Lair:3: 2865 daAuts
Vaults:4: 2585 daAuts
   Dis:7: 2461 daAuts
Vaults:3: 2456 daAuts
Depths:3: 2298 daAuts
Vaults:1: 2244 daAuts
  Lair:2: 2159 daAuts
